 Seeded DCSS version 0.32-a0-427-g448f425 (webtiles) character file.

Game seed: 8831602498682816792 (custom seed)

9375930 PurpleRed the Archmage (level 27, 224/224 HPs)
             Began as an Octopode Alchemist on Feb 21, 2024.
             Was the Champion of Vehumet.
             Escaped with the Orb
             ... and 10 runes
             ... and 2 gems!
             The game lasted 06:12:52 (80555 turns).

PurpleRed the Archmage (Octopode Alchemist)        Turns: 80555, Time: 06:12:53

Health: 224/224    AC:  5    Str: 12    XL:     27
Magic:  63/63      EV: 33    Int: 53    God:    Vehumet [******]
Gold:   15659      SH:  0    Dex: 23    Spells: 12/80 levels left

rFire   + + +        g - staff of Fedhas's Condemnation {rCorr Dex+3 Conj Earth}
rCold   + + +        E - orb {*channel}
rNeg    + + +        k - +0 hat of Tempters {Int+6}
rPois   ∞            I - amulet "Zysmygg" {RegenMP rElec rPois Regen+ Slay-2}
rElec   +            S - ring of Tuaxefi {*Slow rPois rC+ rN++ rCorr}
rCorr   +            B - ring of Eternal Night {Fly rC+ Dex+4 Stlth+}
SInv    .            w - ring "Ponlaebb" {Fire Will+++ Str+4 Slay-4 Stlth+}
Will    +++++        v - ring of the Hippo {rF+ rC+ Int+6 Dex+3}
Stlth   ++++         H - ring of magical power
HPRegen 1.37/turn    c - ring of the Dropbear {rPois rCorr AC+4 Int+3 Stlth-}
MPRegen 0.78/turn    W - ring "Suxzyos" {rF+ rC+ rN+ Will+ Int+2}
                     F - +6 ring of intelligence

%: slow self (1%), channel magic (20%)
@: death-form, flying, studying 5 skills
A: vile attack, torment immunity, no potions, almost no armour, amphibious, 8
rings, camouflage 1, gelatinous body 1, (nimble swimmer 1), tentacles
0: Orb of Zot
}: 10/15 runes: decaying, serpentine, slimy, silver, golden, iron, icy, abyssal,
magical, fiery
a: Siphon Essence, Begin Untransformation, Renounce Religion


You escaped.
You worshipped Vehumet.
Vehumet was exalted by your worship.
You were an undying horror.
You visited 16 branches of the dungeon, and saw 74 of its levels.
You visited Pandemonium 1 time, and saw 7 of its levels.
You visited the Abyss 1 time.
You completed 1 ziggurat, and saw 27 of its levels.
You also visited: Trove, Sewer, Bailey, Ice Cave, Volcano and Desolation.

You collected 20565 gold pieces.
You spent 4906 gold pieces at shops.

Inventory:

Hand Weapons
 b - the +7 Spriggan's Knife {stab, EV+4 Stlth+}
   (You found it on level 5 of the Pits of Slime)

   Stab:      It is more effective when stabbing unaware enemies, sometimes
   treating them as though they were completely helpless.
   EV+4:      It affects your evasion (+4).
   Stlth+:    It makes you more stealthy.
 T - the +7 demon blade "Kounobli" {venom, rElec MP+9}
   (You found it on level 27 of a ziggurat)

   rElec:     It insulates you from electricity.
   MP+9:      It affects your magic capacity (+9).
Missiles
 Z - 21 curare-tipped darts
Armour
 f - a +3 buckler of protection
 k - the +0 hat of Tempters (worn) {Int+6}
   (You acquired it on level 27 of a ziggurat)

   Int+6:     It affects your intelligence (+6).
 E - an orb of energy (worn)
Magical Staves
 a - the staff of Nigun {rF+ Hexes Fire}
   (You found it on level 7 of Cocytus)

   [staff of fire]

   Base accuracy: +5 Base damage: 5 Base attack delay: 1.2 This weapon's minimum
   attack delay (0.6) is reached at skill level 12.
   rF+:       It protects you from fire.
   Hexes:     It increases the power of your Hexes spells.
   Fire:      It increases the power of your Fire spells.
   It falls into the 'Staves' category.
   It is a one-tentacled weapon.
 g - the staff of Fedhas's Condemnation (weapon) {rCorr Dex+3 Conj Earth}
   (You found it on level 5 of a ziggurat)

   [staff of earth]

   Base accuracy: +5 Base damage: 5 Base attack delay: 1.2 This weapon's minimum
   attack delay (0.6) is reached at skill level 12.
   Dex+3:     It affects your dexterity (+3).
   rCorr:     It protects you from acid and corrosion.
   Conj:      It increases the power of your Conjurations spells.
   Earth:     It increases the power of your Earth spells.
   It falls into the 'Staves' category.
   It is a one-tentacled weapon.
 Q - the staff "Pakipt" {rF+ rCorr SInv Conj Tloc Alchemy}
   (You found it on level 27 of a ziggurat)

   [staff of conjuration]

   Base accuracy: +5 Base damage: 5 Base attack delay: 1.2 This weapon's minimum
   attack delay (0.6) is reached at skill level 12.
   rF+:       It protects you from fire.
   SInv:      It lets you see invisible.
   rCorr:     It protects you from acid and corrosion.
   Conj:      It increases the power of your Conjurations spells.
   Tloc:      It increases the power of your Translocations spells.
   Alchemy:   It increases the power of your Alchemy spells.
   It falls into the 'Staves' category.
   It is a one-tentacled weapon.
Jewellery
 c - the ring of the Dropbear (on tentacle) {rPois rCorr AC+4 Int+3 Stlth-}
   (You took it off a tengu warrior on level 12 of the Dungeon)

   [ring of protection]

   AC+4:      It affects your AC (+4).
   Int+3:     It affects your intelligence (+3).
   rPois:     It protects you from poison rCorr: It protects you from acid and
   corrosion.
   Stlth-:    It makes you less stealthy.
 m - the ring of Ignis, Gnashing {rPois rC+ Dex+6}
   (You found it in Pandemonium)

   [ring of dexterity]

   Dex+6:     It affects your dexterity (+6).
   rC+:       It protects you from cold.
   rPois:     It protects you from poison
 q - the ring "Veekheekk" {rN+++ rCorr Dex-3 SInv Stlth+}
   (You found it in the Desolation of Salt)

   [ring of resist corrosion]

   Dex-3:     It affects your dexterity (-3).
   rN+++:     It renders you almost immune to negative energy.
   SInv:      It lets you see invisible.
   rCorr:     It protects you from acid and corrosion.
   Stlth+:    It makes you more stealthy.
 v - the ring of the Hippo (on tentacle) {rF+ rC+ Int+6 Dex+3}
   (You found it in the Desolation of Salt)

   [ring of intelligence]

   Int+6:     It affects your intelligence (+6).
   Dex+3:     It affects your dexterity (+3).
   rF+:       It protects you from fire.
   rC+:       It protects you from cold.
 w - the ring "Ponlaebb" (on tentacle) {Fire Will+++ Str+4 Slay-4 Stlth+}
   (You found it on level 26 of a ziggurat)

   [ring of fire]

   Fire:      It enhances your fire magic.
   Str+4:     It affects your strength (+4).
   Slay-4:    It affects your accuracy & damage with ranged weapons and melee
   (-4).
   rF+:       It protects you from fire.
   rC-:       It makes you vulnerable to cold.
   Will+++:   It greatly increases your willpower.
   Stlth+:    It makes you more stealthy.
 B - the ring of Eternal Night (right tentacle) {Fly rC+ Dex+4 Stlth+}
   (You acquired it on level 7 of the Dungeon)

   [ring of flight]

   Dex+4:     It affects your dexterity (+4).
   rC+:       It protects you from cold.
   Fly:       It grants you flight.
   Stlth+:    It makes you more stealthy.
 F - a +6 ring of intelligence (on tentacle)
 H - a ring of magical power (on tentacle)
 I - the amulet "Zysmygg" (around mantle) {RegenMP rElec rPois Regen+ Slay-2}
   (You bought it in a shop on level 3 of the Depths)

   [amulet of magic regeneration]

   RegenMP:   It increases your rate of magic regeneration.
   Slay-2:    It affects your accuracy & damage with ranged weapons and melee
   (-2).
   rElec:     It insulates you from electricity.
   rPois:     It protects you from poison Regen+: It increases your rate of
   health regeneration.
 N - the ring of the Spinneret {Wiz rCorr SInv}
   (You found it on level 21 of a ziggurat)

   [ring of wizardry]

   Wiz:       It improves your spell success rate.
   SInv:      It lets you see invisible.
   rCorr:     It protects you from acid and corrosion.
 O - the ring "Podevodi" {*Corrode Fly Will+ MP+9 Dex+4}
   (You found it on level 23 of a ziggurat)

   [ring of willpower]

   Dex+4:     It affects your dexterity (+4).
   Will+:     It increases your willpower.
   MP+9:      It affects your magic capacity (+9).
   Fly:       It grants you flight.
   *Corrode:  It may corrode you when you take damage.
 S - the ring of Tuaxefi (left tentacle) {*Slow rPois rC+ rN++ rCorr}
   (You found it on level 3 of the Elven Halls)

   [ring of protection from cold]

   rC+:       It protects you from cold.
   rPois:     It protects you from poison rN++: It greatly protects you from
   negative energy.
   rCorr:     It protects you from acid and corrosion.
   *Slow:     It may slow you when you take damage.
 W - the ring "Suxzyos" (on tentacle) {rF+ rC+ rN+ Will+ Int+2}
   (You found it on level 5 of the Pits of Slime)

   [ring of positive energy]

   Int+2:     It affects your intelligence (+2).
   rF+:       It protects you from fire.
   rC+:       It protects you from cold.
   rN+:       It protects you from negative energy.
   Will+:     It increases your willpower.
 Y - the macabre finger necklace {Finger+ rN+}
   (You found it on level 7 of the Iron City of Dis)

   [amulet of nothing]

   Finger+:   It enables you to equip an extra ring.
   rN+:       It protects you from negative energy.
Talismans
 y - a talisman of death (active)
 z - a dragon-blood talisman
 D - a granite talisman
Wands
 j - a wand of roots (115)
 l - a wand of quicksilver (76)
 K - a wand of digging (47)
Scrolls
 e - 20 scrolls of enchant armour
 n - 8 scrolls of blinking
 p - 40 scrolls of teleportation
 s - 13 scrolls of revelation
 t - 24 scrolls of fog
 G - 6 scrolls of butterflies
 P - 12 scrolls of amnesia
 V - 15 scrolls of immolation
 X - 13 scrolls of fear
Potions
 d - 15 potions of heal wounds
 h - 6 potions of enlightenment
 o - 26 potions of curing
 r - 3 potions of brilliance
 u - 24 potions of cancellation
 x - 6 potions of invisibility
 A - 26 potions of mutation
 C - 12 potions of lignification
 J - 3 potions of haste
 L - 3 potions of resistance
 M - 12 potions of magic
 R - 3 potions of ambrosia
 U - 14 potions of might
Miscellaneous
 i - 2 +1 figurines of a ziggurat


   Skills:
 O Level 27 Fighting
 - Level 8.0 Short Blades
 + Level 23.1 Dodging
 + Level 26.4 Stealth
 - Level 12.0 Shields
 O Level 27 Spellcasting
 - Level 21.0 Conjurations
 - Level 8.0 Necromancy
 - Level 21.0 Fire Magic
 - Level 21.0 Air Magic
 - Level 21.0 Earth Magic
 - Level 8.0 Alchemy
 - Level 23.0 Shapeshifting


You had 12 spell levels left.
You knew the following spells:

 Your Spells              Type           Power      Damage    Failure   Level
a - Ignition              Fire           82%        3d21      1%          8
b - Fire Storm            Conj/Fire      95%        8d24      2%          9
c - Chain Lightning       Conj/Air       82%        3d109     2%          9
d - Iskenderun's Mystic   Conj/Tloc      100%       2d19      1%          4
e - Fireball              Conj/Fire      95%        3d35      1%          5
f - Lehudib's Crystal Sp  Conj/Erth      95%        10d21     1%          8
g - Shatter               Erth           82%        3d59*     2%          9
h - Bombard               Conj/Erth      95%        9d15      1%          6
i - Apportation           Tloc           100%       N/A       1%          1
j - Orb of Destruction    Conj           82%        9d18      1%          7
x - Sublimation of Blood  Necr           100%       N/A       1%          2

Your spell library contained the following spells:

 Spells                   Type           Power      Damage    Failure   Level
 Freeze                   Ice            100%       1d10      1%          1
 Magic Dart               Conj           100%       1d8       1%          1
 Necrotise                Necr           100%       1d9       1%          1
 Sandblast                Erth           100%       2d20      1%          1
 Shock                    Conj/Air       100%       1d9       1%          1
 Slow                     Hex            100%       N/A       1%          1
 Sting                    Conj/Alch      100%       1d9       1%          1
 Summon Small Mammal      Summ           100%       N/A       1%          1
 Cigotuvi's Dreadful Rot  Necr/Alch/Air  100%       N/A       1%          2
 Mercury Vapours          Alch/Air       100%       N/A       1%          2
 Momentum Strike          Conj/Tloc      100%       3d10      1%          2
 Scorch                   Fire           100%       2d9       1%          2
 Static Discharge         Conj/Air       100%       3-8/arc   1%          2
 Dazzling Flash           Conj/Hex       100%       N/A       1%          3
 Frozen Ramparts          Ice            100%       1d16      1%          3
 Fugue of the Fallen      Necr           100%       N/A       1%          3
 Hailstorm                Conj/Ice       100%       3d16      1%          3
 Inner Flame              Hex/Fire       100%       N/A       1%          3
 Mephitic Cloud           Conj/Alch/Air  100%       N/A       1%          3
 Passwall                 Erth           100%       N/A       1%          3
 Stone Arrow              Conj/Erth      100%       3d13      1%          3
 Swiftness                Air            100%       N/A       1%          3
 Vampiric Draining        Necr           100%       2d13      1%          3
 Volatile Blastmotes      Fire/Tloc      100%       2d18      1%          3
 Airstrike                Air            69%        2d(10-26) 1%          4
 Animate Dead             Necr           100%       N/A       1%          4
 Brom's Barrelling Bould  Conj/Erth      100%       2d11      1%          4
 Dispel Undead            Necr           100%       3d31      1%          4
 Flame Wave               Conj/Fire      100%       2d21      1%          4
 Fulminant Prism          Conj/Alch      73%        3d29      1%          4
 Ignite Poison            Fire/Alch      100%       N/A       1%          4
 Leda's Liquefaction      Alch/Erth      73%        N/A       1%          4
 Olgreb's Toxic Radiance  Alch           100%       N/A       1%          4
 Petrify                  Alch/Erth      100%       N/A       1%          4
 Sticky Flame             Fire/Alch      100%       2d15      1%          4
 Summon Blazeheart Golem  Fire/Summ      100%       N/A       1%          4
 Summon Lightning Spire   Summ/Air       100%       N/A       1%          4
 Vhi's Electric Charge    Tloc/Air       100%       N/A       1%          4
 Alistair's Intoxication  Alch           68%        N/A       1%          5
 Arcjolt                  Conj/Air       82%        1d92      1%          5
 Borgnjor's Vile Clutch   Necr/Erth      73%        N/A       1%          5
 Curse of Agony           Necr           100%       N/A       1%          5
 Freezing Cloud           Conj/Ice/Air   73%        6-21      1%          5
 Irradiate                Conj/Alch      73%        3d36      1%          5
 Iskenderun's Battlesphe  Conj           100%       2d15      1%          5
 Lee's Rapid Deconstruct  Erth           82%        3d36*     1%          5
 Silence                  Hex/Air        55%        N/A       1%          5
 Yara's Violent Unravell  Hex/Alch       42%        3d17      1%          5
 Conjure Ball Lightning   Conj/Air       82%        3x3d31    1%          6
 Eringya's Noxious Bog    Alch           51%        4d6       1%          6
 Plasma Beam              Fire/Air       82%        2x1d100   1%          6
 Starburst                Conj/Fire      95%        6d24      1%          6
 Spellforged Servitor     Conj/Summ      67%        N/A       1%          7
 Maxwell's Capacitive Co  Air            69%        ∞         1%          8
 Blink                    Tloc           100%       N/A       2%          2
 Call Imp                 Summ           100%       N/A       2%          2
 Ensorcelled Hibernation  Hex/Ice        100%       N/A       2%          2
 Jinxbite                 Hex            100%       N/A       2%          2
 Lesser Beckoning         Tloc           100%       N/A       2%          2
 Anguish                  Hex/Necr       42%        N/A       2%          4
 Martyr's Knell           Necr/Summ      85%        N/A       2%          4
 Call Canine Familiar     Summ           64%        N/A       3%          3
 Confusing Touch          Hex            64%        N/A       3%          3
 Gell's Gravitas          Tloc           64%        N/A       3%          3
 Ozocubu's Armour         Ice            64%        N/A       3%          3
 Sigil of Binding         Hex            64%        N/A       3%          3
 Summon Ice Beast         Ice/Summ       64%        N/A       3%          3
 Teleport Other           Tloc           64%        N/A       3%          3
 Tukima's Dance           Hex            64%        N/A       3%          3
 Death Channel            Necr           51%        N/A       4%          6
 Cause Fear               Hex            32%        N/A       6%          4
 Dimensional Bullseye     Hex/Tloc       32%        N/A       6%          4
 Manifold Assault         Tloc           64%        N/A       6%          4
 Passage of Golubria      Tloc           64%        N/A       6%          4
 Metabolic Englaciation   Hex/Ice        32%        N/A       12%         5
 Summon Forest            Summ/Tloc      32%        N/A       12%         5
 Summon Mana Viper        Hex/Summ       64%        N/A       12%         5
 Sculpt Simulacrum        Ice/Alch       42%        N/A       12%         6
 Dispersal                Tloc           32%        N/A       38%         6
 Summon Cactus Giant      Summ           32%        N/A       38%         6
 Haunt                    Necr/Summ      42%        N/A       41%         7
 Borgnjor's Revivificati  Necr           51%        N/A       52%         8
 Infestation              Necr           51%        N/A       52%         8
 Enfeeble                 Hex            32%        N/A       87%         7
 Summon Hydra             Summ           32%        N/A       87%         7
 Discord                  Hex            32%        N/A       100%        8
 Disjunction              Tloc           32%        N/A       100%        8
 Death's Door             Necr           51%        N/A       100%        9
 Dragon's Call            Summ           32%        N/A       100%        9
 Polar Vortex             Ice            32%        12d4*     100%        9
 Animate Armour           Summ/Erth      Unusable   N/A       N/A         4

Dungeon Overview and Level Annotations

Branches:
Dungeon (15/15)            Temple (1/1) D:4            Lair (5/5) D:11
  Swamp (4/4) Lair:2        Snake (4/4) Lair:3        Slime (5/5) Lair:4
    Orc (2/2) D:12            Elf (3/3) Orc:2        Vaults (5/5) D:14
  Crypt (3/3) Vaults:3       Tomb (3/3) Crypt:3      Depths (4/4) D:15
   Hell (visited)             Dis (7/7) Hell            Geh (0/7) Hell
    Coc (7/7) Hell            Tar (0/7) Hell            Zot (5/5) Depths:4
  Sewer (visited)          Bailey (visited)           IceCv (visited)
Volcano (visited)         Desolation (visited)

Altars:
Ashenzari
Cheibriados
Dithmenos
Elyvilon
Fedhas
Gozag
Hepliaklqana
Kikubaaqudgha
Makhleb
Nemelex Xobeh
Okawaru
Qazlal
Ru
Sif Muna
Trog
Uskayaw
Vehumet
Wu Jian
Xom
Yredelemnul
Zin
The Shining One
Jiyva

Shops:
D:5 *   D:6 *   D:8 (*(   Orc:2 [!=*   Elf:1 :   Elf:2 *   Vaults:4 *
Vaults:5 (   Depths:1 (   Depths:3 *=*(=

Portals:
Hell: Lair:5 Depths:1 Depths:2 Depths:3 Depths:4
Abyss: Depths:2 Depths:3
Pandemonium: Orc:2 Depths:1 Depths:2

Annotations:
D:12 2 transporters, Anyutwal's ghost, journeyman HOFi
Lair:2 Gastronok
Snake:3 1 runed translucent door, Vixxxy's ghost, adept DrWr


Innate Abilities, Weirdness & Mutations

You are an undying horror.
Your melee and unarmed attacks drain, slow and weaken victims.
You are immune to unholy pain and torment.
You cannot drink.
You are immune to poison.
You cannot wear most types of armour.
You are amphibious.
You can wear up to eight rings at the same time.
Your skin changes colour to match your surroundings (Stealth+).
Your rubbery body absorbs attacks. (AC +1, EV +1)
((You are camouflaged when in or above water. (Stealth+)))
You have tentacles for arms and can constrict up to eight enemies at once.


Message History

Confirm with . or Enter, or press ? or * to list all spells.
You feel a surge of power!
The dungeon rumbles!
You kill the tormentor!
Vehumet accepts your kill.
You feel your power returning.
Ka-crash!
What level of the Dungeon? (default 1, ? - help) Magic restored.
You see here a +0 dagger.
There is a stone staircase leading up here.
You fly upwards.
There is a stone staircase leading down here.
There is an escape hatch in the ceiling here.
A mysterious force pulls you upwards. The hatch slams shut behind you.
There is a stone staircase leading up here.
You fly upwards.
There is a stone staircase leading down here.
Aiming: Dig
Press: ? - help, Shift-Dir - straight line A rock wall.
This square is covered in magical glow.
The rock shatters into small pieces.
Aiming: Dig
Press: ? - help, Shift-Dir - straight line A rock wall.
This square is covered in magical glow.
The rock shatters into small pieces.
Aiming: Dig
Press: ? - help, Shift-Dir - straight line A rock wall.
This square is covered in magical glow.
The rock shatters into small pieces.
Aiming: Dig
Press: ? - help, Shift-Dir - straight line A rock wall.
This square is covered in magical glow.
The rock shatters into small pieces.
There is a staircase leading out of the dungeon here.
You have escaped!

####........##
##.##
#≈≈##.......#
##.##
#≈≈≈≈~~~~..####.##
##≈≈≈~~~~~~≈##.##
#####..~~≈≈≈≈##
#....#≈≈≈#
##...#.#≈#
#..#.#### #z#.##
#####


There were no monsters in sight!

Vanquished Creatures
  Cerebov (Pan)
  Antaeus (Coc:7)
  the Royal Jelly (Slime:5)
  Lom Lobon (Pan)
  the Serpent of Hell (Dis:7)
  Dispater (Dis:7)
  Frederick (Vaults:2)
  10 dread liches
  10 ancient liches
  The ghost of Sebriys the Wrestler, a legendary TrBe of Trog (Zot:5)
  The ghost of astronautguy the Petrodigitator, a master FoEE of Vehumet (Vaults:4)
  The ghost of Pecah the Sniper, a legendary GnFE of Sif Muna (Zot:1)
  11 orbs of fire
  A juggernaut (Depths:4)
  6 pandemonium lords
  The ghost of Ulecsuczon the Impregnable, a veteran MiGl of Hepliaklqana (Crypt:2)
  Boris (4 times) (Depths:3 Depths:4 Crypt:3 Tomb:3)
  Sojobo (Depths:4)
  34 royal mummies
  22 shard shrikes
  Bai Suzhen (Vaults:3)
  5 Killer Klowns
  Saint Roka (Vaults:2)
  The ghost of Ciwiv the Executioner, a veteran FoFi of Dithmenos (Crypt:1)
  35 caustic shrikes
  Margery (Vaults:2)
  Nikola (Vaults:2)
  18 golden dragons
  Geryon (Hell)
  Norris (Vaults:1)
  2 profane servitors
  2 doom hounds (Zig:14)
  4 bone dragons (Zig:14)
  2 electric golems (Zot:5)
  6 Tzitzimimeh
  5 iron giants
  12 Brimstone Fiends
  10 hellephants
  Jorgrun (Elf:2)
  A walking crystal tome (Depths:3)
  12 liches
  27 Orb Guardians
  14 Ice Fiends
  22 Hell Sentinels
  11 tentacled monstrosities
  2 shard shrike skeletons (Crypt:3)
  5 tainted leviathans (Zig:14)
  14 titans
  6 quicksilver dragons
  4 walking frostbound tomes (Zig:18)
  6 deep elf blademasters
  46 acid blobs
  5 deep elf master archers
  15 sphinxes
  21 searing wretches
  An Executioner (Pan)
  44 ancient champions
  2 tentacled starspawn
  8 death cobs
  Kirke (D:15)
  9 tengu reavers
  Donald (Swamp:1)
  Aizul (Vaults:2)
  Agnes (Elf:2)
  10 shadow dragons
  2 thorn hunters (Zig:26)
  14 rockslimes
  6 revenants
  Roxanne (D:15)
  29 nagarajas
  8 fenstrider witches
  7 storm dragons
  2 daevas
  4 demonspawn warmongers
  24 azure jellies
  3 draconian knights
  10 protean progenitors
  12 quicksilver elementals
  29 vault wardens
  5 draconian monks
  5 draconian shifters
  18 frost giants
  Louise (Elf:2)
  6 narguns
  7 emperor scorpions (Zig:25)
  2 imperial myrmidons (Desolation)
  3 juggernaut zombies
  14 draconian scorchers
  A spectral juggernaut (Zig:14)
  13 draconian annihilators
  15 fire giants
  3 deep elf elementalists (Elf:3)
  7 ghost moths
  3 draconian stormcallers
  7 iron dragons
  4 caustic shrike zombies
  14 deep elf sorcerers
  12 ghouls
  An angel (Depths:1)
  16 reapers
  20 stone giants
  10 ironbound thunderhulks
  9 shard shrike simulacra
  A spriggan defender (Depths:3)
  31 balrugs
  19 ironbound preservers
  24 quicksilver oozes
  6 orc warlords
  17 formless jellyfish
  3 demonspawn corrupters
  31 very ugly things
  8 cacodemons
  2 curse skulls (Crypt:2)
  8 demonspawn blood saints
  A caustic shrike skeleton (Crypt:3)
  7 vampire knights
  8 eleionomae
  Nessos (D:15)
  3 broodmothers (Zig:25)
  9 deep elf death magi
  10 green draconians
  23 deep elf annihilators
  2 bennus (Tomb:3)
  31 war gargoyles
  12 deep elf demonologists
  2 demonspawn black suns
  10 black draconians
  12 wendigos
  33 elemental wellsprings
  6 putrid mouths (Zig:14)
  3 spark wasps
  4 white draconians
  7 yellow draconians
  2 bunyips
  The ghost of Div Morr the Warrior, a journeyman KoGl of Ashenzari (Elf:2)
  11 starcursed masses
  9 purple draconians
  4 red draconians
  10 dire elephants
  3 halazid warlocks
  8 ettins
  33 iron golems
  A merfolk impaler (Zig:13)
  8 eidola
  23 green deaths
  13 blizzard demons
  A merfolk javelineer (Zig:13)
  30 mummy priests
  3 fire dragons
  15 jiangshi
  9 ice dragons
  3 crystal guardians
  7 entropy weavers
  18 yaktaur captains
  7 ragged hierophants (Desolation)
  10 deep elf high priests
  12 great orbs of eyes
  6 servants of whispers (Desolation)
  33 hydras
  3 spriggan skeletons
  A fenstrider witch zombie (Abyss:1)
  2 spriggan zombies (Crypt:3)
  7 shambling mangroves
  31 vault guards
  29 salamander tyrants
  4 death knights (Crypt:2)
  8 peacekeepers
  6 ghost crabs
  4 ogre magi
  3 jorogumos
  8 spriggan air magi
  3 stokers
  3 rakshasas
  9 ironbound frosthearts
  2 catoblepae (Zig:16)
  3 juggernaut simulacra
  5 alligators
  Erica (D:8)
  5 hell beasts
  11 caustic shrike simulacra
  15 anacondas
  2 demonspawn (Orc:2)
  A radroach (Zig:25)
  34 dancing weapons
  12 merfolk aquamancers
  9 boulder beetles
  12 two-headed ogres
  16 vampire magi
  132 death scarabs
  8 centaur warriors
  4 deep troll earth magi
  8 deep troll shamans
  22 naga warriors
  11 orc high priests
  4 tengu warriors
  5 hell hogs
  4 demonic crawlers
  2 satyrs (Zig:13)
  A bennu skeleton (Crypt:1)
  2 spriggan berserkers
  2 thrashing horrors
  13 shock serpents
  23 naga sharpshooters
  5 occultists
  Sonja (D:11)
  26 sun demons
  4 wretched stars
  12 crystal echidnas
  8 hell knights
  21 soul eaters
  2 cyclopes (shapeshifter)
  21 sixfirhies
  31 skeletal warriors
  2 titan skeletons (Zig:23)
  19 deep elf knights
  9 skysharks
  4 goliath frogs
  9 salamander mystics
  A bunyip zombie (Tomb:1)
  7 pharaoh ants (Zig:25)
  4 shadow wraiths
  6 spatial maelstroms (Abyss:3)
  15 iron trolls
  5 sea snakes
  8 bog bodies
  2 death drakes (shapeshifter)
  A sun moth (shapeshifter) (Depths:4)
  7 spriggan druids
  7 sun moths
  4 mana vipers
  5 shadow demons
  6 naga ritualists
  10 swamp dragons
  A swamp dragon (shapeshifter) (Zig:15)
  4 orb spiders (Zig:25)
  6 quicksilver dragon simulacra
  6 glowing orange brains
  6 flayed ghosts
  6 arcanists
  A sea snake (shapeshifter) (Vaults:5)
  13 spriggan simulacra
  12 ironbound convokers
  20 necromancers
  37 deep elf pyromancers
  19 orc knights
  23 phantasmal warriors
  2 harpies (Vaults:1)
  40 deep trolls
  An obsidian statue (Zig:4)
  4 orange crystal statues
  9 lindwurms
  18 deep elf archers
  40 deep elf zephyrmancers
  8 lightning spires
  An iron dragon zombie (Zig:23)
  5 steelbarb worms (Zig:25)
  28 ugly things
  A manticore (D:11)
  16 shining eyes
  16 orc sorcerers
  2 shining eyes (shapeshifter)
  2 tengu skeletons
  10 wolf spiders
  8 cyclopes
  14 large abominations
  34 oklob plants
  2 shadow dragon skeletons
  25 salamanders
  3 meliai (D:11)
  Maurice (Orc:1)
  26 moths of wrath
  16 elephants
  3 will-o-the-wisps
  2 stone giant skeletons
  13 guardian serpents
  2 iron dragon skeletons
  43 naga magi
  2 centaur zombies (Crypt:3)
  17 vault sentinels
  3 ice statues (Zig:4)
  4 titan simulacra
  2 dire elephant zombies
  8 rust devils
  12 torpor snails
  23 smoke demons
  4 water nymphs (Zig:13)
  51 black mambas
  6 kobold blastminers
  9 orange demons
  3 gargoyles
  A water nymph (shapeshifter) (Vaults:5)
  A molten gargoyle (Desolation)
  4 eyes of devastation
  3 unseen horrors
  13 cane toads
  A dire elephant skeleton (Tomb:2)
  5 naga skeletons
  36 yaktaurs
  A kobold demonologist (D:10)
  12 hellions
  5 rime drakes
  8 komodo dragons
  6 anaconda simulacra
  A spark wasp simulacrum (Depths:2)
  Jeremiah (D:6)
  19 freezing wraiths
  5 tengu conjurers
  55 guardian mummies
  8 ice devils
  24 tormentors
  3 efreet
  2 iron giant simulacra
  A bunyip simulacrum (Coc:2)
  A golden dragon simulacrum (Coc:4)
  2 harpy zombies
  A hydra zombie (Crypt:3)
  27 hellwings
  4 tarantellas (Zig:25)
  5 ancient zymes
  3 red devils
  A death drake zombie (Crypt:1)
  3 merfolk (Zig:13)
  14 trolls
  5 polar bears
  A silent spectre (Zig:14)
  A wolf spider simulacrum (D:15)
  21 hornets
  Prince Ribbit (Lair:2)
  A tengu simulacrum (Zig:23)
  4 tyrant leeches
  65 saltlings (Desolation)
  A tarantella zombie (Crypt:2)
  2 raiju (Abyss:3)
  A spectral elephant (Lair:2)
  22 blink frogs
  6 snapping turtles (Zig:13)
  19 dream sheep
  9 glass eyes
  An alligator simulacrum (Snake:2)
  2 ettin zombies
  2 culicivoras
  A fire giant simulacrum (Depths:2)
  An ice dragon skeleton (Crypt:3)
  183 slime creatures
  11 spriggans
  A black mamba zombie (Crypt:3)
  4 air elementals
  2 ettin skeletons
  17 water elementals
  11 wraiths
  3 jumping spiders (Zig:25)
  12 ushabtiu
  A spriggan (shapeshifter) (Abyss:1)
  19 shadows
  8 small abominations
  38 yaks
  5 vampires
  10 dire elephant simulacra
  7 naga simulacra
  A yak (shapeshifter) (D:14)
  6 ynoxinuls
  11 fire elementals
  3 wyverns
  3 basilisks
  An alligator snapping turtle simulacrum (Coc:2)
  A hog (D:15)
  7 golden eyes
  4 steam dragons
  7 redbacks
  6 chaos spawn
  A human (shapeshifter) (D:13)
  7 wargs
  8 vampire mosquitoes
  3 neqoxecs
  17 swamp worms
  10 harpy simulacra
  44 nagas
  An acid dragon (D:12)
  A glowing shapeshifter zombie (Depths:2)
  18 water moccasins
  A deep troll skeleton (Tomb:1)
  A glowing shapeshifter skeleton (Zig:23)
  3 great orb of eyes simulacra (IceCv)
  A spectral polar bear (Lair:2)
  4 hell hounds
  5 hydra simulacra
  A two-headed ogre skeleton (Crypt:1)
  A fire dragon simulacrum (Coc:1)
  A spectral yak (Lair:2)
  4 swamp drakes
  66 orc warriors
  2 black bears
  A spectral blink frog (Lair:2)
  A sky beast (shapeshifter) (D:15)
  Pargi (Sewer)
  2 ice beasts
  12 laughing skulls
  2 sky beasts (D:8)
  10 ettin simulacra
  A boggart (Elf:1)
  A crocodile (shapeshifter) (D:15)
  A dream sheep skeleton (Crypt:1)
  17 ogres
  14 wolves
  A black mamba simulacrum (Coc:2)
  8 centaurs
  2 phantoms (D:6)
  2 spectral basilisks (Lair:2)
  5 slime creature simulacra (IceCv)
  A rime drake zombie (Crypt:1)
  3 human zombies (Vaults:4)
  A brain worm (Sewer)
  10 bullfrogs
  A gnoll sergeant (D:12)
  A deep troll simulacrum (Snake:2)
  2 glowing shapeshifter simulacra (IceCv)
  14 earth elementals
  5 scorpions
  A water moccasin zombie (Crypt:2)
  10 wyvern skeletons (Crypt:3)
  A hornet simulacrum (D:14)
  6 killer bees (D:9)
  A raiju zombie (Crypt:2)
  A shapeshifter skeleton (Crypt:1)
  A troll skeleton (Crypt:2)
  6 electric eels
  A howler monkey (D:12)
  A crimson imp (Depths:1)
  A quasit (Abyss:3)
  3 hounds
  4 jellies
  A bombardier beetle (D:5)
  25 orc priests
  A black bear skeleton (Crypt:1)
  3 gnoll boudas
  2 sleepcaps
  Natasha (thrice) (D:2)
  2 iguanas
  21 orc wizards
  5 hell rats (Hell)
  3 tengu zombies
  2 ogre skeletons (Crypt:1)
  55 mummies
  19 gnolls
  6 adders
  A white imp (D:7)
  3 ribbon worms
  2 dart slugs
  86 orcs
  10 ball pythons
  4 endoplasms
  3 giant cockroaches
  24 goblins
  16 hobgoblins
  2 quokkas
  6 bats
  8 frilled lizards
  8 kobolds
  4 rats
  A rat zombie (Crypt:2)
  18 aspiring fleshes
  A butterfly (Lair:1)
  2 creeping infernos (Hell)
  A fire vortex (Snake:3)
  A lurking horror (Abyss:1)
4443 creatures vanquished.

Vanquished Creatures (collateral kills)
  A hellephant (Zig:16)
  An Ice Fiend (Coc:7)
  A sphinx (Vaults:1)
  2 acid blobs
  A shadow dragon (Vaults:5)
  A storm dragon (Vaults:4)
  A draconian monk (Zig:7)
  2 frost giants
  An orc warlord (Vaults:4)
  A very ugly thing (Depths:2)
  A formless jellyfish (Slime:3)
  2 vampire knights
  A yaktaur captain (Vaults:5)
  A servant of whispers (Desolation)
  2 peacekeepers (Desolation)
  A spriggan zombie (Zig:23)
  An anaconda (Snake:4)
  2 naga warriors
  A titan zombie (Crypt:3)
  A titan skeleton (Zig:23)
  A deep troll (Vaults:1)
  A tengu zombie (Zig:23)
  A phantasmal warrior (Crypt:2)
  An orc knight (Vaults:2)
  An ugly thing (Vaults:1)
  A centaur zombie (Crypt:3)
  2 cane toads (Zig:16)
  2 saltlings (Desolation)
  2 slime creatures
  A redback (Zig:25)
  2 harpy simulacra (Coc:7)
  A naga (Zig:17)
  A glowing shapeshifter simulacrum (IceCv)
  A mummy (Zig:23)
  An orc (Vaults:5)
  An aspiring flesh (Zot:5)
45 creatures vanquished.

Vanquished Creatures (others)
  A fenstrider witch (Pan)
  3 green draconians (Zot:2)
  A black draconian (Zot:2)
  A merfolk impaler (Zig:13)
  2 caustic shrike simulacra
  An arcanist (Zig:24)
  A glowing orange brain (Depths:2)
  A deep elf pyromancer (Zig:20)
  A human (D:15)
  927 fire vortices
  3 foxfires (Zig:26)
  2 starspawn tentacles (Zig:9)
944 creatures vanquished.

Grand Total: 5432 creatures vanquished

Notes
Turn   | Place    | Note
-------+----------+-------------------------------------------
     0 | D:1      | PurpleRed the Octopode Alchemist began the quest for the
                  | Orb.
     0 | D:1      | Reached XP level 1. HP: 11/11 MP: 3/3
   286 | D:1      | Reached XP level 2. HP: 17/17 MP: 0/5
   403 | D:1      | Learned a level 2 spell: Mercury Vapours
   677 | D:1      | Reached XP level 3. HP: 21/21 MP: 1/6
   871 | D:2      | Learned a level 3 spell: Mephitic Cloud
  1110 | D:2      | Noticed Natasha
  1453 | D:2      | Reached XP level 4. HP: 21/27 MP: 0/7
  1861 | D:3      | Reached skill level 1 in Air Magic
  1871 | D:3      | Found a stormy altar of Qazlal.
  2177 | D:3      | Found a faded altar of an unknown god.
  2344 | D:4      | Noticed a scorpion
  2384 | D:4      | Noticed a black bear
  2494 | D:4      | Reached XP level 5. HP: 31/31 MP: 1/9
  2653 | D:4      | Reached skill level 5 in Alchemy
  2815 | D:4      | Noticed a water moccasin
  2904 | D:4      | Found a staircase to the Ecumenical Temple.
  2928 | D:4      | Reached XP level 6. HP: 36/36 MP: 6/10
  2987 | D:4      | Found a sparkling altar of Nemelex Xobeh.
  3029 | D:4      | Killed a black bear
  3191 | Temple   | Entered the Ecumenical Temple
  3250 | D:4      | Learned a level 4 spell: Sticky Flame
  3264 | D:5      | Entered Level 5 of the Dungeon
  3273 | D:5      | Noticed an ice beast
  3276 | D:5      | Killed an ice beast
  3367 | D:5      | Reached XP level 7. HP: 41/41 MP: 7/12
  3427 | D:5      | Reached skill level 1 in Fire Magic
  3640 | D:5      | Found a glowing drain.
  3643 | Sewer    | Entered a sewer
  3811 | Sewer    | Noticed Pargi
  3823 | Sewer    | Killed Pargi
  3859 | Sewer    | Learned a level 4 spell: Olgreb's Toxic Radiance
  3962 | D:5      | Identified the +3 flail of Uptatz {freeze, rC+ Str+4}
  4042 | D:5      | Reached XP level 8. HP: 46/46 MP: 5/14
  4585 | D:5      | Found Mel Lava's Assorted Antiques.
  4708 | D:5      | Bought a scroll labelled MACIPE RAATAA for 22 gold pieces
  4708 | D:5      | Bought a scroll labelled WAXEHUM XIJOS for 22 gold pieces
  4708 | D:5      | Bought a scroll labelled ZUQUDOW JUTSO for 22 gold pieces
  4708 | D:5      | Bought a scroll labelled ZUQUDOW JUTSO for 22 gold pieces
  4735 | D:5      | Found a shadowy altar of Dithmenos.
  4834 | D:5      | Found a radiant altar of Vehumet.
  4837 | D:5      | Became a worshipper of Vehumet
  5085 | D:5      | Found a shimmering blue altar of Sif Muna.
  5636 | D:4      | Found a burning altar of Makhleb.
  5771 | D:4      | Reached skill level 5 in Spellcasting
  5771 | D:4      | Reached skill level 5 in Conjurations
  5968 | D:2      | Killed Natasha
  6009 | D:2      | Noticed Natasha
  6013 | D:2      | Killed Natasha
  6081 | D:2      | Noticed Natasha
  6088 | D:2      | Killed Natasha
  6188 | D:6      | Noticed Jeremiah
  6287 | D:6      | Reached XP level 9. HP: 38/51 MP: 4/16
  6814 | D:6      | Found a hide-covered altar of Uskayaw.
  6961 | D:6      | Reached * piety under Vehumet
  6961 | D:6      | Offered knowledge of Shock by Vehumet.
  7165 | D:6      | Identified the orb of Vlad {guile, Str+5 Int-2}
  7314 | D:6      | Found Aveigguc's CLEARANCE SALE!.
  7318 | D:6      | Bought a potion of curing for 9 gold pieces
  7543 | D:6      | Killed Jeremiah
  7544 | D:6      | Reached skill level 5 in Fire Magic
  7728 | D:5      | Identified a scroll of acquirement
  7882 | D:7      | Acquired the +2 hat of the Poles {Rampage rPois Stlth+}
  8190 | D:7      | Acquired the ring of Eternal Night {Fly rC+ Dex+4 Stlth+}
  8413 | D:7      | Reached skill level 1 in Fighting
  8768 | D:8      | Reached XP level 10. HP: 51/60 MP: 10/19
  8777 | D:8      | Found an opulent altar of Gozag.
  8984 | D:8      | Found Ufih Wac's Weapon Shop.
  9056 | D:8      | Noticed Erica
  9087 | D:8      | Killed Erica
  9228 | D:8      | Found a hazy altar of Hepliaklqana.
  9228 | D:8      | Found a blossoming altar of Fedhas.
  9432 | D:8      | Found Maxopyukhlu's Assorted Antiques.
  9459 | D:8      | Found Oluoniaj's Antique Weapon Emporium.
  9590 | D:9      | Found an ornate altar of the Wu Jian Council.
 10047 | D:9      | Found a flagged portal.
 10134 | Bailey   | Entered a bailey
 10186 | Bailey   | Reached skill level 5 in Dodging
 10215 | Bailey   | Reached ** piety under Vehumet
 10216 | Bailey   | Offered knowledge of Foxfire by Vehumet.
 10270 | Bailey   | Noticed an orc knight
 10316 | Bailey   | Killed an orc knight
 10600 | Bailey   | Reached XP level 11. HP: 67/67 MP: 12/23
 10655 | Bailey   | Noticed an orc knight
 10678 | Bailey   | Killed an orc knight
 10788 | Bailey   | Offered knowledge of Volatile Blastmotes by Vehumet.
 10904 | Bailey   | Noticed an orc warlord
 11401 | D:10     | Entered Level 10 of the Dungeon
 11432 | D:10     | Reached *** piety under Vehumet
 11464 | D:10     | Found a bloodstained altar of Trog.
 11467 | D:10     | Found a snail-covered altar of Cheibriados.
 11797 | D:10     | Noticed a centaur warrior
 11802 | D:10     | Killed a centaur warrior
 12051 | D:11     | Reached skill level 10 in Conjurations
 12055 | D:11     | Noticed a cyclops
 12146 | D:11     | Found a staircase to the Lair.
 12149 | D:11     | Noticed a manticore
 12155 | Lair:1   | Entered Level 1 of the Lair of Beasts
 12156 | Lair:1   | Acquired a staff of fire
 12483 | Lair:1   | Learned a level 5 spell: Fireball
 12506 | Lair:1   | Found a dark tunnel.
 12511 | Volcano  | Entered a volcano
 12688 | Lair:1   | Reached skill level 10 in Spellcasting
 13286 | Lair:1   | Noticed a four-headed hydra
 13293 | Lair:1   | Killed a four-headed hydra
 13294 | Lair:1   | Reached XP level 12. HP: 72/72 MP: 11/26
 13943 | Lair:2   | Offered knowledge of Brom's Barrelling Boulder by Vehumet.
 14043 | Lair:2   | Noticed Gastronok
 14049 | Lair:2   | Noticed a four-headed hydra
 14674 | Lair:2   | Noticed a ghost crab
 14691 | Lair:2   | HP: 1/70 [spectral black mamba[a ghost crab] (3)]
 15287 | Lair:2   | Killed a four-headed hydra
 15701 | Lair:2   | Identified the +2 hat "Buanniec" {Harm Rampage rC+}
 15733 | Lair:2   | Noticed Prince Ribbit
 15737 | Lair:2   | Killed Prince Ribbit
 16098 | Lair:3   | Noticed a skyshark
 16104 | Lair:3   | Killed a skyshark
 16104 | Lair:3   | Reached **** piety under Vehumet
 16428 | Lair:3   | Offered knowledge of Arcjolt by Vehumet.
 16429 | Lair:3   | Found a staircase to the Snake Pit.
 16694 | Lair:3   | Reached XP level 13. HP: 77/77 MP: 24/28
 17907 | Lair:4   | Found a viscous altar of Jiyva.
 17907 | Lair:4   | Found a staircase to the Slime Pits.
 18764 | Lair:5   | Entered Level 5 of the Lair of Beasts
 18771 | Lair:5   | Reached skill level 10 in Fire Magic
 18885 | Lair:5   | Reached ***** piety under Vehumet
 18885 | Lair:5   | Offered knowledge of Flame Wave by Vehumet.
 19311 | Lair:5   | Reached XP level 14. HP: 83/83 MP: 14/30
 19770 | Lair:5   | Reached skill level 15 in Conjurations
 20493 | Lair:5   | Found a burning altar of Makhleb.
 20937 | Lair:2   | Found a staircase to the Swamp.
 20996 | D:11     | Noticed Sonja
 20998 | D:11     | Killed Sonja
 22401 | D:12     | Found a transporter.
 22404 | D:12     | Identified the ring of the Dropbear {rPois rCorr AC+4 Int+3
                  | Stlth-}
 22426 | D:12     | Noticed Anyutwal's ghost (journeyman HOFi)
 22568 | D:12     | Found a staircase to the Orcish Mines.
 22838 | D:12     | Found an iron altar of Okawaru.
 22845 | D:12     | Reached skill level 5 in Fighting
 22874 | D:12     | Found a shimmering blue altar of Sif Muna.
 22890 | D:12     | Reached XP level 15. HP: 92/92 MP: 13/31
 22979 | D:12     | Found a glowing golden altar of the Shining One.
 22979 | D:12     | Found a sacrificial altar of Ru.
 23905 | D:12     | Found a transporter.
 24244 | D:13     | Offered knowledge of Starburst by Vehumet.
 24254 | D:13     | Learned a level 6 spell: Starburst
 25355 | D:14     | Found a sacrificial altar of Ru.
 26119 | D:14     | Identified the +10 arbalest "Arbiter" {heavy, rCorr}
 26119 | D:14     | Identified the +15 plate armour of the Big Bang {rN+}
 26221 | D:14     | Identified the +0 robe of Qazlal's Fury {Will+ Dex+3}
 26324 | D:14     | Noticed an orc warlord
 26331 | D:14     | Killed an orc warlord
 26335 | D:14     | Found an iron altar of Okawaru.
 26352 | D:14     | Identified the +0 chain mail "Ubosivvi" {rF- Int+9 Dex+5}
 26541 | D:14     | Found a gate to the Vaults.
 26615 | D:15     | Entered Level 15 of the Dungeon
 26642 | D:15     | Offered knowledge of Eringya's Noxious Bog by Vehumet.
 26810 | D:15     | Noticed Nessos
 26815 | D:15     | Killed Nessos
 27023 | D:15     | Noticed Kirke
 27027 | D:15     | Killed Kirke
 27594 | D:15     | Noticed Roxanne
 27796 | D:15     | Reached XP level 16. HP: 103/103 MP: 27/33
 27801 | D:15     | Found a staircase to the Depths.
 28030 | Orc:1    | Entered Level 1 of the Orcish Mines
 28243 | Orc:1    | Noticed Maurice
 28247 | Orc:1    | Killed Maurice
 28706 | Orc:2    | Entered Level 2 of the Orcish Mines
 28706 | Orc:2    | Found a staircase to the Elven Halls.
 28782 | Orc:2    | Offered knowledge of Conjure Ball Lightning by Vehumet.
 29701 | Orc:2    | Found Xetad's Distillery.
 29833 | Orc:2    | Found Xomi's General Store.
 29912 | Orc:2    | Bought a potion of brilliance for 64 gold pieces
 29912 | Orc:2    | Bought 2 potions of curing for 96 gold pieces
 29914 | Orc:2    | Bought a potion of curing for 45 gold pieces
 29987 | Orc:1    | Learned a level 6 spell: Bombard
 30401 | Orc:2    | Reached skill level 1 in Earth Magic
 30603 | Orc:2    | Offered knowledge of Ozocubu's Refrigeration by Vehumet.
 31029 | Orc:2    | Found Qetal's Jewellery Shoppe.
 31029 | Orc:2    | Found Podiblam's Antique Armour Emporium.
 31029 | Orc:2    | Found a one-way gate leading to the halls of Pandemonium.
 31088 | Orc:2    | Bought an amulet of regeneration for 510 gold pieces
 31093 | Orc:2    | Bought a ring of magical power for 340 gold pieces
 31097 | Orc:2    | Bought a ring of willpower for 425 gold pieces
 31275 | Elf:1    | Entered Level 1 of the Elven Halls
 31552 | Elf:1    | Found Afacvinwe's Book Shoppe.
 31558 | Elf:1    | Bought a book of Weapons for 476 gold pieces
 31563 | Elf:1    | Learned a level 4 spell: Iskenderun's Mystic Blast
 31566 | Elf:1    | Bought an Everburning Encyclopedia for 646 gold pieces
 31575 | Elf:1    | Learned a level 8 spell: Ignition
 32423 | Elf:2    | Found Poloucof's Gadget Gallery.
 32427 | Elf:2    | Reached XP level 17. HP: 108/108 MP: 35/35
 32774 | Elf:2    | Found a runed translucent gate.
 32774 | Elf:2    | Found a runed translucent gate.
 32776 | Elf:2    | Reached skill level 15 in Fire Magic
 32780 | Elf:2    | Found a runed translucent gate.
 32796 | Elf:2    | Reached ****** piety under Vehumet
 32819 | Elf:2    | Paralysed by an air elemental for 1 turns
 32975 | Elf:2    | Noticed Louise
 33224 | Elf:2    | Killed Louise
 33322 | Elf:2    | Found a runed translucent gate.
 33322 | Elf:2    | Found a runed translucent gate.
 33361 | Elf:2    | Found a runed translucent gate.
 33363 | Elf:2    | Noticed Div Morr's ghost (journeyman KoGl)
 33522 | Elf:3    | Entered Level 3 of the Elven Halls
 33537 | Elf:3    | Offered knowledge of Plasma Beam by Vehumet.
 34012 | Elf:3    | Reached skill level 15 in Spellcasting
 34364 | Elf:3    | Learned a level 2 spell: Sublimation of Blood
 34380 | Elf:3    | Reached skill level 1 in Necromancy
 34389 | Elf:3    | Noticed a deep elf master archer
 34393 | Elf:3    | Killed a deep elf master archer
 34780 | Elf:3    | Noticed a deep elf blademaster
 34783 | Elf:3    | Killed a deep elf blademaster
 34914 | Elf:3    | Identified the +8 short sword "Orb Guardian's Curse"
                  | {venom, rPois Str+2}
 34927 | Elf:3    | Noticed a deep elf blademaster
 34930 | Elf:3    | Killed a deep elf blademaster
 34943 | Elf:3    | Noticed a deep elf blademaster
 34948 | Elf:3    | Killed a deep elf blademaster
 34949 | Elf:3    | Reached XP level 18. HP: 116/116 MP: 25/37
 34951 | Elf:3    | Noticed a deep elf blademaster
 34955 | Elf:3    | Killed a deep elf blademaster
 34967 | Elf:3    | Noticed a Tzitzimitl
 35261 | Elf:3    | Got the Disquisition on Frostbite
 35482 | Elf:3    | Identified the ring of Tuaxefi {*Slow rPois rC+ rN++ rCorr}
 36094 | Swamp:1  | Entered Level 1 of the Swamp
 36273 | Swamp:1  | Identified the +0 kite shield of Soneidwe {rC+ Str+2 Int-2}
 36273 | Swamp:1  | Noticed Donald
 36274 | Swamp:1  | Offered knowledge of Lehudib's Crystal Spear by Vehumet.
 36279 | Swamp:1  | Killed Donald
 36280 | Swamp:1  | Reached skill level 5 in Necromancy
 37196 | Swamp:2  | Identified the +6 long sword "Lioni" {antimagic, ^Fragile
                  | rN+ Stlth+}
 38075 | Swamp:3  | Reached skill level 10 in Fighting
 38253 | Swamp:4  | Entered Level 4 of the Swamp
 38855 | Swamp:4  | Reached XP level 19. HP: 126/126 MP: 39/39
 39178 | Swamp:4  | Got a decaying rune of Zot
 39503 | Snake:1  | Entered Level 1 of the Snake Pit
 39585 | Snake:1  | Offered knowledge of Fire Storm by Vehumet.
 39585 | Snake:1  | Offered knowledge of Chain Lightning by Vehumet.
 39585 | Snake:1  | Offered knowledge of Maxwell's Capacitive Coupling by
                  | Vehumet.
 39624 | Snake:1  | Learned a level 9 spell: Fire Storm
 40565 | Snake:2  | Found a glacial archway.
 40569 | Snake:2  | Reached skill level 1 in Shields
 40650 | IceCv    | Entered an ice cave
 40758 | IceCv    | Identified the +8 ice dragon scales of Cexyr {rF- rC++
                  | Str+3}
 41132 | IceCv    | Found a viscous altar of Jiyva.
 41153 | IceCv    | Identified the ring "Tumo" {rElec rN+ Will- Int-2 Slay+4}
 41711 | Snake:2  | Identified the +8 trident of the Land of Plenty {venom,
                  | +Blink Will++ Str+3}
 42121 | Snake:2  | Identified the +5 plate armour of Macaroni {Str+2}
 42675 | Snake:3  | Found a runed translucent door.
 42679 | Snake:3  | Noticed Vixxxy's ghost (adept DrWr)
 43886 | Snake:4  | Entered Level 4 of the Snake Pit
 44631 | Snake:4  | Reached XP level 20. HP: 120/135 MP: 6/41
 44813 | Snake:4  | Reached skill level 5 in Shields
 45644 | Snake:4  | Got a serpentine rune of Zot
 46338 | Slime:1  | Entered Level 1 of the Pits of Slime
 47693 | Slime:5  | Entered Level 5 of the Pits of Slime
 47697 | Slime:5  | Reached XP level 21. HP: 143/143 MP: 43/43
 47770 | Slime:5  | Noticed the Royal Jelly
 47774 | Slime:5  | Killed the Royal Jelly
 47827 | Slime:5  | Found the +7 hand cannon "Mule" {flame, backblast, rF+}
 47828 | Slime:5  | Found the +7 Spriggan's Knife {stab, EV+4 Stlth+}
 47846 | Slime:5  | Identified the ring of Suloe {Fly rPois rCorr Str+3 Int-5}
 47926 | Slime:5  | Identified the +3 scale mail "Addow" {+Blink Int+6}
 47986 | Slime:5  | Got a slimy rune of Zot
 47988 | Slime:5  | Identified the ring "Suxzyos" {rF+ rC+ rN+ Will+ Int+2}
 48059 | Slime:5  | Identified the +0 spear "Embalmer" {heavy, Int+4}
 48673 | Vaults:1 | Entered Level 1 of the Vaults
 48743 | D:15     | Killed Roxanne
 49784 | Vaults:1 | Noticed Norris
 49788 | Vaults:1 | Killed Norris
 49797 | Vaults:1 | Reached XP level 22. HP: 88/148 MP: 44/44
 50044 | Vaults:1 | Found a portal to a secret trove of treasure.
 50556 | Vaults:2 | Noticed Nikola
 50559 | Vaults:2 | Killed Nikola
 50674 | Vaults:2 | Identified the serpent talisman "Hiewudemy" {rN++ Int+4}
 50674 | Vaults:2 | Noticed Aizul
 50676 | Vaults:2 | Killed Aizul
 50923 | Vaults:2 | Identified the orb of Oily Lucidity {light, rC+ Will- Str+2
                  | Int+5}
 50923 | Vaults:2 | Noticed Frederick
 50926 | Vaults:2 | Killed Frederick
 50932 | Vaults:2 | Noticed Margery
 50935 | Vaults:2 | Killed Margery
 50936 | Vaults:2 | Reached skill level 10 in Dodging
 50937 | Vaults:2 | Noticed Saint Roka
 50945 | Vaults:2 | Killed Saint Roka
 52113 | Lair:5   | Found a gateway to Hell.
 52397 | Elf:2    | Noticed Jorgrun
 52398 | Elf:2    | Killed Jorgrun
 52410 | Elf:2    | Noticed Agnes
 52411 | Elf:2    | Killed Agnes
 52834 | Elf:2    | Killed Div Morr's ghost
 52870 | Elf:2    | Got Sif Muna's Lectures on Airborne Kindling
 53064 | Vaults:1 | You paid a toll of a +6 demon blade to enter a treasure
                  | trove
 53065 | Trove    | Entered a treasure trove
 53084 | Trove    | Got Yxakhiax's Sophisticated Casting
 53089 | Trove    | Identified the +1 hat "Dofatic" {Int+4}
 53249 | Vaults:3 | Found a crumbling gateway.
 53325 | Desolati | Entered the Desolation of Salt
 53352 | Desolati | Reached XP level 23. HP: 150/156 MP: 45/45
 53454 | Desolati | Identified the ring of the Hippo {rF+ rC+ Int+6 Dex+3}
 53561 | Desolati | Identified the ring of a Thousand Seas {rPois rC+ Slay+2
                  | Stlth+}
 53562 | Desolati | Identified the ring "Veekheekk" {rN+++ rCorr Dex-3 SInv
                  | Stlth+}
 53584 | Desolati | Identified the +1 dire flail "Sozopha" {elec, Dex+3}
 54043 | Desolati | Identified the +0 leather armour of Zaisa {Rampage rF++
                  | rCorr Str-3}
 54045 | Desolati | Identified the +5 quarterstaff "Numeg" {vamp, rPois rCorr
                  | Str+3}
 54050 | Desolati | Identified the +0 scale mail of Leirej {Str+5 Dex+2}
 54308 | Vaults:3 | Noticed Bai Suzhen
 54310 | Vaults:3 | Killed Bai Suzhen
 54723 | Vaults:3 | Found a staircase to the Crypt.
 56270 | Vaults:4 | Found a runed translucent door.
 56404 | Vaults:4 | Noticed astronautguy's ghost (master FoEE)
 56427 | Vaults:4 | Killed astronautguy's ghost
 56525 | Vaults:4 | Found Xyite's Assorted Antiques.
 56533 | Vaults:4 | Bought a scroll of blinking for 217 gold pieces
 56533 | Vaults:4 | Bought a scroll of revelation for 217 gold pieces
 56646 | Vaults:4 | Reached skill level 15 in Fighting
 56650 | Vaults:4 | Reached XP level 24. HP: 169/169 MP: 46/46
 56834 | Vaults:5 | Entered Level 5 of the Vaults
 56870 | Vaults:5 | Noticed a dread lich
 56871 | Vaults:5 | Killed a dread lich
 56879 | Vaults:5 | Noticed an ancient lich
 56882 | Vaults:5 | Killed an ancient lich
 56910 | Vaults:5 | Noticed a dread lich
 56911 | Vaults:5 | Noticed an ancient lich
 56915 | Vaults:5 | Reached skill level 5 in Shapeshifting
 56928 | Vaults:5 | Killed an ancient lich
 57015 | Vaults:5 | Identified the +4 fire dragon scales "Juelasu" {rF++ rC-
                  | Dex+4}
 57016 | Vaults:5 | Killed a dread lich
 57036 | Vaults:5 | Noticed an ancient lich
 57037 | Vaults:5 | Killed an ancient lich
 57148 | Vaults:5 | Identified the +2 buckler of Osiev {rElec rPois}
 57418 | Vaults:5 | Identified the +3 quarterstaff "Goblinbane" {venom, rF+}
 57468 | Vaults:5 | Identified the +0 robe of the Unicorn {rC- Regen+ Int+4}
 57706 | Vaults:5 | Identified the +4 dagger of PurpleRed's Terror {heavy,
                  | Dex+3}
 57771 | Vaults:5 | Reached XP level 25. HP: 174/174 MP: 47/47
 57849 | Vaults:5 | Identified the +7 war axe of the Eternal Warrior {heavy,
                  | rPois rF+ Dex-5}
 57875 | Vaults:5 | Identified the +1 cloak "Inapur" {*Slow rCorr Int+3 Dex+4}
 57973 | Vaults:5 | Reached skill level 10 in Shapeshifting
 58305 | Vaults:5 | Got a silver rune of Zot
 58367 | Vaults:5 | Found Jojyss's Antique Weapon Shoppe.
 58378 | Vaults:5 | Identified the ring "Veav" {rElec rPois Will- rCorr}
 58709 | Depths:1 | Entered Level 1 of the Depths
 58738 | Depths:1 | Learned a level 9 spell: Chain Lightning
 58863 | Depths:1 | Found a hazy altar of Hepliaklqana.
 59029 | Depths:1 | Found a one-way gateway to a ziggurat.
 59029 | Depths:1 | Identified the +8 tower shield of the Morning Star {rF-
                  | Dex+5}
 59517 | Depths:1 | Found Zereos's Weapon Shoppe.
 59892 | Depths:1 | Learned a level 7 spell: Orb of Destruction
 60845 | Depths:2 | Found a one-way gate to the infinite horrors of the Abyss.
 61546 | Depths:3 | Reached skill level 15 in Shapeshifting
 61691 | Depths:3 | Found Getearuq's Jewellery Shop.
 61693 | Depths:3 | Found Soemp's Weapon Boutique.
 61693 | Depths:3 | Found Qotoluurap's General Store.
 61698 | Depths:3 | Found Luamelauss's Jewellery Boutique.
 61699 | Depths:3 | Identified the +3 robe of Ocziosem {rElec Int+3}
 61699 | Depths:3 | Noticed Boris
 61701 | Depths:3 | Killed Boris
 61703 | Depths:3 | Bought a potion of magic for 96 gold pieces
 61715 | Depths:3 | Bought the amulet "Zysmygg" {RegenMP rElec rPois Regen+
                  | Slay-2} for 557 gold pieces
 61732 | Depths:3 | Bought a talisman of death for 1120 gold pieces
 61801 | Depths:3 | Found a broken altar of Ashenzari.
 61843 | Depths:3 | Reached XP level 26. HP: 180/180 MP: 47/47
 62089 | Depths:3 | Found Big Baal Hell's Store.
 62393 | Depths:4 | Entered Level 4 of the Depths
 62428 | Depths:4 | Noticed a juggernaut
 62433 | Depths:4 | Killed a juggernaut
 62484 | Depths:4 | Identified the +4 robe of Greed {Dex+5}
 62484 | Depths:4 | Noticed Boris
 62486 | Depths:4 | Killed Boris
 62698 | Depths:4 | Found an ancient bone altar of Kikubaaqudgha.
 62907 | Depths:4 | Found a gate to the Realm of Zot.
 63174 | Depths:4 | Noticed Sojobo
 63175 | Depths:4 | Killed Sojobo
 63597 | Crypt:1  | Entered Level 1 of the Crypt
 63896 | Crypt:1  | Found a runed translucent door.
 63897 | Crypt:1  | Found a shimmering altar of Xom.
 63897 | Crypt:1  | Noticed Ciwiv's ghost (veteran FoFi)
 63897 | Crypt:1  | Identified the +4 executioner's axe "Biow" {chaos, Fly
                  | rElec Str-2 Stlth+}
 63909 | Crypt:1  | Killed Ciwiv's ghost
 63917 | Crypt:1  | Identified the amulet "Vubaj" {Acrobat Will+ Dex+2}
 64067 | Crypt:1  | Identified the +5 quarterstaff of Simaheli {freeze, rElec
                  | rPois MP-9}
 64229 | Crypt:1  | Learned a level 8 spell: Lehudib's Crystal Spear
 64379 | Crypt:2  | Reached skill level 1 in Short Blades
 64504 | Crypt:2  | Noticed Ulecsuczon's ghost (veteran MiGl)
 64513 | Crypt:2  | Found a transporter.
 64537 | Crypt:2  | Reached skill level 5 in Earth Magic
 64579 | Crypt:2  | Found a transporter.
 64783 | Crypt:2  | Reached skill level 5 in Short Blades
 64862 | Crypt:2  | Reached XP level 27. HP: 186/186 MP: 40/47
 65093 | Crypt:2  | Acquired 382 gold pieces
 65447 | Crypt:2  | Killed Ulecsuczon's ghost
 65461 | Crypt:2  | Identified the +1 pair of boots of Vumpud {Regen+ Slay+3}
 65462 | Crypt:2  | Identified the +1 helmet "Myczuluo" {Regen+ Str+6 Slay+2}
 65469 | Crypt:2  | Identified the +4 helmet of Charity {Str-2 Dex+8 SInv}
 65562 | Crypt:3  | Entered Level 3 of the Crypt
 65720 | Crypt:3  | Identified the +2 robe of the Untouchables {rF+ rC- Int+5}
 65720 | Crypt:3  | Noticed Boris
 65723 | Crypt:3  | Killed Boris
 66039 | Crypt:3  | Identified the +3 leather armour "Yfrari" {^Drain rElec
                  | rPois Str-5} (You took it off a necromancer on level 3 of
                  | the Crypt)
 66325 | Crypt:3  | Found a staircase to the Tomb.
 66453 | Crypt:3  | Found an ancient bone altar of Kikubaaqudgha.
 66566 | Crypt:3  | Identified the ring "Eqatz" {Fly rPois rCorr Slay+2}
 66599 | Crypt:3  | Noticed a dread lich
 66601 | Crypt:3  | Killed a dread lich
 66607 | Crypt:3  | Noticed a dread lich
 66609 | Crypt:3  | Killed a dread lich
 67209 | Zig:1    | Entered Level 1 of a ziggurat
 67320 | Zig:1    | Acquired 706 gold pieces
 67324 | Zig:2    | Entered Level 2 of a ziggurat
 67332 | Zig:2    | Identified the +6 quarterstaff of the Thirteen Deaths
                  | {spect, Str+5}
 67338 | Zig:3    | Entered Level 3 of a ziggurat
 67355 | Zig:4    | Entered Level 4 of a ziggurat
 67357 | Zig:4    | Noticed Okhlocokhleh the pandemonium lord
 67360 | Zig:4    | Killed Okhlocokhleh the pandemonium lord
 67384 | Zig:4    | Got Sif Muna's Codex of Fuming Displacement
 67392 | Zig:5    | Entered Level 5 of a ziggurat
 67413 | Zig:5    | Identified the staff of Fedhas's Condemnation {rCorr Dex+3
                  | Conj Earth}
 67427 | Zig:6    | Entered Level 6 of a ziggurat
 67463 | Zig:7    | Entered Level 7 of a ziggurat
 67503 | Zig:7    | Got the Quarto of the Mortuary Blizzard
 67512 | Zig:8    | Entered Level 8 of a ziggurat
 67545 | Zig:8    | Identified the +6 whip of Jusad {venom, rN+ Dex+3}
 67565 | Zig:8    | Identified the +10 battleaxe of the Four Nights {freeze,
                  | rPois Int+2 Dex-3}
 67568 | Zig:9    | Entered Level 9 of a ziggurat
 67579 | Zig:9    | Reached skill level 10 in Earth Magic
 67580 | Zig:9    | Killed a dread lich
 67594 | Zig:9    | Identified the +4 arbalest of Baxefoi {drain, rC+ rN+
                  | Int+3}
 67597 | Zig:9    | Identified the +11 fire dragon scales of Hubris {rF++ rC-
                  | rCorr Str+2}
 67618 | Zig:10   | Entered Level 10 of a ziggurat
 67632 | Zig:10   | Paralysed by an air elemental for 1 turns
 67644 | Zig:10   | Identified the staff of Luyr {rPois Int+2 Alchemy}
 67647 | Zig:10   | Identified the +4 trident of Capital Punishment {heavy,
                  | rElec}
 67654 | Zig:10   | Identified the +2 long sword "Omylecw" {antimagic, rPois
                  | rC+ Int+4}
 67685 | Zig:11   | Entered Level 11 of a ziggurat
 67753 | Zig:11   | Identified the +3 sling of Armageddon {flame, rF- rC+
                  | Int+4}
 67755 | Zig:11   | Identified the +9 dagger "Naluw" {spect, Will+ Int+3}
 67779 | Zig:12   | Entered Level 12 of a ziggurat
 67800 | Zig:12   | Found the +5 Force Lance {heavy, knockback}
 67813 | Zig:12   | Identified the ring "Utoshy" {Will+ Dex+4}
 67832 | Zig:12   | Identified the +8 flail "Ucricets" {flame, Str+3}
 67838 | Zig:12   | Identified the ring "Ledaj" {rC+++ MP+9 Str-2 Dex-2}
 67841 | Zig:12   | Identified the +4 war axe "Araakkoway" {flame, rElec rC+
                  | Int-5}
 67845 | Zig:13   | Entered Level 13 of a ziggurat
 67871 | Zig:13   | Identified the +0 orcbow "Ycumuo" {freeze, Will+ Int+4
                  | Dex-3}
 67897 | Zig:13   | Identified the +4 dire flail of Distraction {venom, rElec
                  | rN+ SInv}
 67901 | Zig:13   | Identified the +1 robe of Reason {rC+}
 67919 | Zig:14   | Entered Level 14 of a ziggurat
 68223 | Zig:14   | Reached skill level 5 in Air Magic
 68501 | Zig:15   | Entered Level 15 of a ziggurat
 68518 | Zig:15   | Noticed a dread lich
 68518 | Zig:15   | Noticed an ancient lich
 68521 | Zig:15   | Killed a dread lich
 68521 | Zig:15   | Killed an ancient lich
 68522 | Zig:15   | Killed an ancient lich
 68535 | Zig:15   | Acquired 620 gold pieces
 68537 | Zig:15   | Identified the staff "Nuakhlai" {rPois rC+ rN+ Will+ Str+2
                  | Alchemy}
 68559 | Zig:15   | Got the Encyclopedia of Helpful Sciomancy
 68571 | Zig:15   | Identified the +3 dagger of Sunlight {heavy, Int+5}
 68579 | Zig:15   | Acquired 1139 gold pieces
 68586 | Zig:16   | Entered Level 16 of a ziggurat
 68625 | Zig:16   | Reached skill level 10 in Air Magic
 68697 | Zig:16   | Found the +8 mithril axe "Arga" {speed, Will+}
 68701 | Zig:16   | Identified the +8 spear of Wigoib {venom, rElec MP+9}
 68719 | Zig:16   | Identified the +7 morningstar "Tattletale" {flame, ^Drain
                  | Str+5}
 68720 | Zig:16   | Identified the ring of Gighueve {Ice rPois Dex+3}
 68727 | Zig:16   | Identified the +0 quarterstaff of Fate {drain, Str+7}
 68736 | Zig:16   | Identified the +2 helmet of the Guardian {Str+5}
 68747 | Zig:17   | Entered Level 17 of a ziggurat
 68914 | Zig:17   | Identified the +1 sling of Blood-Lust {heavy, *Corrode
                  | rElec SInv}
 68925 | Zig:17   | Got the Grimoire of Stones and the Wyrd
 68930 | Zig:18   | Entered Level 18 of a ziggurat
 68983 | Zig:18   | Identified the amulet "Zetoy" {Spirit rC+ Regen+ Int+2}
 68985 | Zig:18   | Identified the +1 sling of Xesiuhys {heavy, rN+ Int+4
                  | Dex+3}
 69001 | Zig:18   | Identified the +3 chain mail of Wumefad {rC+ Str+4}
 69014 | Zig:19   | Entered Level 19 of a ziggurat
 69051 | Zig:19   | Reached skill level 15 in Air Magic
 69066 | Zig:19   | Identified the +4 orcbow "Xirof" {antimagic, rN+ Dex+2 SInv
                  | Stlth+}
 69069 | Zig:19   | Got Ycassi Vekuc's Folio of the Catacomb and the Snowflakes
 69092 | Zig:20   | Entered Level 20 of a ziggurat
 69286 | Zig:20   | Got the Handbook of Bitter Transposition
 69291 | Zig:20   | Identified the +2 helmet of Ucividit {Regen+ Str-4 Dex+5
                  | SInv}
 69305 | Zig:20   | Identified the +6 great mace "Killer Klown's Bane"
                  | {distort, *Rage rElec rF+ SInv}
 69309 | Zig:20   | Identified the +1 robe of the End {Int+5}
 69320 | Zig:21   | Entered Level 21 of a ziggurat
 69369 | Zig:21   | Acquired a manual of Short Blades
 69371 | Zig:21   | Identified the +0 long sword "Octopus's Bane" {elec, rF+
                  | rN+ Will+ Int-2}
 69375 | Zig:21   | Identified the +5 falchion of the Orcish Mines {speed,
                  | rCorr Int+3}
 69387 | Zig:21   | Got the Book of the Beaker
 69389 | Zig:21   | Identified the ring of the Spinneret {Wiz rCorr SInv}
 69408 | Zig:21   | Identified the amulet of Ynit {Spirit Rampage Will+ rCorr
                  | Int-5}
 69409 | Zig:21   | Identified the staff "Jellybane" {Fly Conj}
 69417 | Zig:22   | Entered Level 22 of a ziggurat
 69520 | Zig:22   | Identified the ring "Ymaeda" {rElec EV+5}
 69521 | Zig:22   | Identified the +3 battleaxe of Ikkaotha {drain, rF+ Int+4}
 69527 | Zig:22   | Identified the ring "Luigav" {rC++ Str+3 Int-5 Slay+4}
 69534 | Zig:22   | Identified the +1 scale mail "Duiteum" {Dex+4}
 69538 | Zig:22   | Identified the +6 long sword "Ubeg" {vamp, Dex+6 Stlth+}
 69543 | Zig:22   | Identified the +0 robe of Fogackac {Regen+ Int+5 Slay-5}
 69548 | Zig:23   | Entered Level 23 of a ziggurat
 69564 | Zig:23   | Noticed a royal mummy
 69580 | Zig:23   | Noticed a royal mummy
 69582 | Zig:23   | Killed a royal mummy
 69582 | Zig:23   | Killed a royal mummy
 69583 | Zig:23   | Noticed a royal mummy
 69584 | Zig:23   | Noticed a royal mummy
 69586 | Zig:23   | Killed a royal mummy
 69586 | Zig:23   | Noticed a royal mummy
 69589 | Zig:23   | Killed a royal mummy
 69589 | Zig:23   | Killed a royal mummy
 69589 | Zig:23   | Killed a royal mummy
 69595 | Zig:23   | Noticed a royal mummy
 69598 | Zig:23   | Killed a royal mummy
 69703 | Zig:23   | Identified the +9 halberd of Precise Incision {drain,
                  | Stlth+}
 69717 | Zig:23   | Identified the ring "Podevodi" {*Corrode Fly Will+ MP+9
                  | Dex+4}
 69724 | Zig:23   | Got the Handbook of Ectoplasm and the Sphinx
 69728 | Zig:24   | Entered Level 24 of a ziggurat
 69754 | Zig:24   | Reached skill level 15 in Earth Magic
 69812 | Zig:24   | Identified the +6 shortbow of Reason {freeze, rPois Dex+2}
 69818 | Zig:24   | Acquired 776 gold pieces
 69819 | Zig:24   | Acquired 714 gold pieces
 69824 | Zig:24   | Identified the +0 mace "Alaw" {venom, rPois Str+3}
 69829 | Zig:24   | Identified the staff of Gazing Woe {rN+ Stlth+ Necro}
 69843 | Zig:25   | Entered Level 25 of a ziggurat
 70005 | Zig:25   | Identified the ring of Beogh's Grace {^Drain rN+ rCorr
                  | Dex+4 SInv}
 70007 | Zig:25   | Identified the ring "Zaluleod" {rC+ Slay+3 SInv}
 70029 | Zig:25   | Learned a level 9 spell: Shatter
 70031 | Zig:25   | Identified the staff "Loogith" {rElec Int-4 Summ Air Earth}
 70043 | Zig:25   | Identified the ring of Meajoc {Str+4 Dex-4 Slay+4}
 70044 | Zig:25   | Identified the ring of Wuuntidi {rPois rF- rC+ rN+ Str+6}
 70055 | Zig:26   | Entered Level 26 of a ziggurat
 70117 | Zig:26   | Found the +8 Vampire's Tooth {megavamp}
 70157 | Zig:26   | Identified the ring "Ponlaebb" {Fire Will+++ Str+4 Slay-4
                  | Stlth+}
 70173 | Zig:27   | Entered Level 27 of a ziggurat
 70444 | Zig:27   | Found the +6 lightning scales {swift, rElec}
 70456 | Zig:27   | Identified the staff "Pakipt" {rF+ rCorr SInv Conj Tloc
                  | Alchemy}
 70459 | Zig:27   | Identified the +7 demon blade "Kounobli" {venom, rElec
                  | MP+9}
 70465 | Zig:27   | Acquired the +0 hat of Tempters {Int+6}
 70489 | Zig:27   | Identified the +0 plate armour "Roitiby" {Fly rElec rCorr
                  | Int-4}
 70497 | Zig:27   | Identified the +2 robe of Lesser Demons {Rampage}
 70500 | Zig:27   | Got the Commentary on the Tragic Gift
 70504 | Zig:27   | Identified the +11 short sword of Cocytus {heavy, rN++
                  | Dex-4}
 70522 | Depths:1 | Upgraded the game from 0.32-a0-422-g28b100f to
                  | 0.32-a0-427-g448f425
 70844 | Tomb:1   | Entered Level 1 of the Tomb of the Ancients
 70871 | Tomb:1   | Noticed a royal mummy
 70873 | Tomb:1   | Noticed a royal mummy
 70875 | Tomb:1   | Killed a royal mummy
 70875 | Tomb:1   | Killed a royal mummy
 70875 | Tomb:1   | Noticed a royal mummy
 70877 | Tomb:1   | Noticed a royal mummy
 70879 | Tomb:1   | Killed a royal mummy
 70879 | Tomb:1   | Noticed a royal mummy
 70880 | Tomb:1   | Killed a royal mummy
 70882 | Tomb:1   | Killed a royal mummy
 70882 | Tomb:1   | Noticed a royal mummy
 70883 | Tomb:1   | Noticed a royal mummy
 70959 | Tomb:1   | Killed a royal mummy
 70960 | Tomb:1   | Killed a royal mummy
 71022 | Tomb:1   | Noticed a royal mummy
 71025 | Tomb:1   | Noticed a royal mummy
 71027 | Tomb:1   | Killed a royal mummy
 71029 | Tomb:1   | Killed a royal mummy
 71029 | Tomb:1   | Noticed a royal mummy
 71031 | Tomb:1   | Killed a royal mummy
 71073 | Tomb:2   | Noticed a royal mummy
 71073 | Tomb:2   | Noticed a royal mummy
 71073 | Tomb:2   | Noticed a royal mummy
 71073 | Tomb:2   | Noticed a royal mummy
 71074 | Tomb:2   | Noticed a royal mummy
 71075 | Tomb:2   | Killed a royal mummy
 71076 | Tomb:2   | Killed a royal mummy
 71076 | Tomb:2   | Killed a royal mummy
 71077 | Tomb:2   | Killed a royal mummy
 71078 | Tomb:2   | Killed a royal mummy
 71520 | Tomb:3   | Entered Level 3 of the Tomb of the Ancients
 71522 | Tomb:3   | Identified the +3 robe "Rumien" {rN+}
 71522 | Tomb:3   | Noticed Boris
 71527 | Tomb:3   | Killed Boris
 71543 | Tomb:3   | Noticed a royal mummy
 71543 | Tomb:3   | Noticed a royal mummy
 71544 | Tomb:3   | Noticed a royal mummy
 71545 | Tomb:3   | Noticed a royal mummy
 71546 | Tomb:3   | Killed a royal mummy
 71546 | Tomb:3   | Noticed a royal mummy
 71546 | Tomb:3   | Noticed a royal mummy
 71547 | Tomb:3   | Killed a royal mummy
 71547 | Tomb:3   | Noticed a royal mummy
 71547 | Tomb:3   | Noticed a royal mummy
 71552 | Tomb:3   | Killed a royal mummy
 71555 | Tomb:3   | Killed a royal mummy
 71556 | Tomb:3   | Killed a royal mummy
 71556 | Tomb:3   | Killed a royal mummy
 71558 | Tomb:3   | Killed a royal mummy
 71558 | Tomb:3   | Noticed a royal mummy
 71559 | Tomb:3   | Killed a royal mummy
 71561 | Tomb:3   | Killed a royal mummy
 71686 | Tomb:3   | Identified the ring "Vijad" {Ice *Slow +Blink rPois}
 71696 | Tomb:3   | Identified the +9 battleaxe "Axof" {heavy, rCorr Str+2
                  | Int-5}
 71697 | Tomb:3   | Identified the +7 rapier of Duty {flame, rElec rF+++ rC-
                  | Dex+2}
 71715 | Tomb:3   | Identified the +0 flail of the Wolf {flame, rElec rN+ Str-4
                  | Stlth+}
 71718 | Tomb:3   | Identified the +6 sling of Fundamental Breach {freeze, rN+
                  | Int+4 SInv}
 71729 | Tomb:3   | Identified the amulet "Leesmo" {Regen+ Stlth+}
 71748 | Tomb:3   | Identified the +8 long sword of Summertime {heavy, Fly}
 71881 | Tomb:3   | Identified the +0 ring mail "Iraroh Puiz" {rF+ Dex-4
                  | Stlth+}
 72104 | Tomb:3   | Got a sanguine gem with 594 turns to spare
 72106 | Tomb:3   | Got a golden rune of Zot
 72150 | Tomb:1   | Noticed a royal mummy
 72154 | Tomb:1   | Killed a royal mummy
 72156 | Tomb:1   | Noticed a royal mummy
 72158 | Tomb:1   | Noticed a royal mummy
 72160 | Tomb:1   | Killed a royal mummy
 72161 | Tomb:1   | Killed a royal mummy
 72512 | Hell     | Entered the Vestibule of Hell
 72512 | Hell     | Noticed Geryon
 72524 | Hell     | Killed Geryon
 72605 | Hell     | Found a gateway to the freezing wastes of Cocytus.
 72677 | Hell     | Found a gateway to the Iron City of Dis.
 72821 | Hell     | Found a gateway to the ashen valley of Gehenna.
 72891 | Hell     | Found a gateway to the decaying netherworld of Tartarus.
 72995 | Coc:1    | Entered Level 1 of Cocytus
 72995 | Coc:1    | Noticed an ancient lich
 72997 | Coc:1    | Killed an ancient lich
 73417 | Coc:6    | Noticed an ancient lich
 73419 | Coc:6    | Killed an ancient lich
 73538 | Coc:7    | Entered Level 7 of Cocytus
 73548 | Coc:7    | Reached skill level 27 in Spellcasting
 73770 | Coc:7    | Noticed Antaeus
 74018 | Coc:7    | Killed Antaeus
 74144 | Coc:7    | Got an icy rune of Zot
 74149 | Coc:7    | Identified the +0 whip of Due Proportion {venom, rPois}
 74151 | Coc:7    | Got Inatwet's Lost Memoir of the Archmage
 74152 | Coc:7    | Identified the staff of Nigun {rF+ Hexes Fire}
 74157 | Coc:7    | Identified the +3 orcbow of the Beginning {antimagic, *Slow
                  | rPois Stlth+}
 74265 | Dis:1    | Entered Level 1 of the Iron City of Dis
 74390 | Dis:3    | You are sucked into a shaft and drop 1 floor!
 74697 | Dis:7    | Entered Level 7 of the Iron City of Dis
 74787 | Dis:7    | Reached skill level 27 in Fighting
 74791 | Dis:7    | Reached skill level 5 in Stealth
 74807 | Dis:7    | Reached skill level 15 in Dodging
 74810 | Dis:7    | Reached skill level 10 in Shields
 74835 | Dis:7    | Reached skill level 10 in Stealth
 74842 | Dis:7    | Noticed the Serpent of Hell
 74847 | Dis:7    | Killed the Serpent of Hell
 75077 | Dis:7    | Identified the ring "Wousu" {Ice rN++ Str-5 Dex+3}
 75151 | Dis:7    | Found the macabre finger necklace {Finger+ rN+}
 75440 | Dis:7    | Noticed Dispater
 75443 | Dis:7    | Killed a dread lich
 75447 | Dis:7    | Killed Dispater
 75458 | Dis:7    | Got an iron rune of Zot
 75511 | Dis:7    | Identified the +1 plate armour "Kymil" {rC+ Dex+2}
 75512 | Dis:7    | Identified the staff "Usenir" {rElec rCorr Air}
 75513 | Dis:7    | Identified the ring "Sanul" {rF+ rC+}
 75667 | Pan      | Entered Pandemonium
 75825 | Pan      | Noticed Qeop the pandemonium lord
 76010 | Pan      | Identified the +7 trident "Xeblimax" {vamp, *Rage rCorr
                  | Dex+7 Stlth+}
 76011 | Pan      | Noticed Ivipriywn the pandemonium lord
 76014 | Pan      | Killed Ivipriywn the pandemonium lord
 76196 | Pan      | Reached skill level 15 in Stealth
 76435 | Pan      | Noticed Cuorel the pandemonium lord
 76440 | Pan      | Killed Cuorel the pandemonium lord
 76523 | Pan      | Entered the realm of Cerebov.
 76647 | Pan      | Found the +6 sword of Cerebov {flame}
 76647 | Pan      | Noticed Cerebov
 76661 | Pan      | Killed Cerebov
 76747 | Pan      | Identified the ring of Ignis, Gnashing {rPois rC+ Dex+6}
 76749 | Pan      | Identified the +0 robe "Ymasihont" {Str+5 Int+5}
 76756 | Pan      | Identified the +1 quarterstaff "Plog" {flame, rF+ rC+}
 76763 | Pan      | Identified the +3 chain mail of Chimes {rElec Int+2}
 76836 | Pan      | Identified the amulet "Rizets" {Reflect Harm rPois rF+++
                  | Str-2 SH+5}
 76863 | Pan      | Identified the ring of Jausi {rN+ Will- rCorr Slay+2}
 76867 | Pan      | Identified the staff of Xidid {rN+ Conj}
 76882 | Pan      | Identified the staff of Sudden Death {rF+ Dex+4 Tloc Fire}
 76919 | Pan      | Got a fiery rune of Zot
 76973 | Pan      | Found an exit through the horrors of the Abyss.
 76997 | Pan      | Entered the realm of Lom Lobon.
 77100 | Pan      | Found a burning altar of Makhleb.
 77103 | Pan      | Noticed Lom Lobon
 77348 | Pan      | Killed Lom Lobon
 77409 | Pan      | Got a magical rune of Zot
 77464 | Pan      | Identified the +1 helmet "Zeddipen" {rElec rF+ Str-2}
 77491 | Pan      | Found an exit through the horrors of the Abyss.
 77507 | Pan      | Took an exit into the Abyss.
 77507 | Abyss:1  | Escaped into the Abyss
 77828 | Abyss:3  | Found a corrupted altar of Lugonu.
 77834 | Abyss:3  | Found a corrupted altar of Lugonu.
 77879 | Abyss:3  | Learned a level 1 spell: Apportation
 77941 | Abyss:3  | Got an abyssal rune of Zot
 77959 | Depths:1 | Escaped the Abyss
 78129 | Zot:1    | Entered Level 1 of the Realm of Zot
 78190 | Zot:1    | Noticed an orb of fire
 78194 | Zot:1    | Killed an orb of fire
 78264 | Zot:1    | Noticed an ancient lich
 78269 | Zot:1    | Killed an ancient lich
 78384 | Zot:1    | Found a runed translucent gate.
 78384 | Zot:1    | Found a runed translucent gate.
 78384 | Zot:1    | Found a runed translucent gate.
 78385 | Zot:1    | Noticed Pecah's ghost (legendary GnFE)
 78394 | Zot:1    | Killed Pecah's ghost
 78683 | Zot:5    | Entered Level 5 of the Realm of Zot
 78761 | Zot:5    | Identified the +6 quarterstaff of the Inferno {freeze,
                  | rCorr Int+4}
 78991 | Zot:5    | Found a runed translucent door.
 78993 | Zot:5    | Found a shimmering altar of Xom.
 78993 | Zot:5    | Noticed Sebriys's ghost (legendary TrBe)
 79003 | Zot:5    | Killed Sebriys's ghost
 79099 | Zot:5    | Got a prismatic gem with 162 turns to spare
 79181 | Zot:5    | Noticed an orb of fire
 79181 | Zot:5    | Noticed an orb of fire
 79182 | Zot:5    | Noticed a dread lich
 79184 | Zot:5    | Killed an orb of fire
 79184 | Zot:5    | Killed a dread lich
 79185 | Zot:5    | Killed an orb of fire
 79186 | Zot:5    | Noticed an orb of fire
 79188 | Zot:5    | Killed an orb of fire
 79223 | Zot:5    | Noticed an orb of fire
 79227 | Zot:5    | Killed an orb of fire
 79229 | Zot:5    | Noticed a dread lich
 79243 | Zot:5    | Killed a dread lich
 79291 | Zot:5    | Noticed an orb of fire
 79294 | Zot:5    | Killed an orb of fire
 79308 | Zot:5    | Noticed an orb of fire
 79309 | Zot:5    | Noticed an orb of fire
 79312 | Zot:5    | Killed an orb of fire
 79389 | Zot:5    | Killed an orb of fire
 79392 | Zot:5    | Noticed an orb of fire
 79396 | Zot:5    | Killed an orb of fire
 79441 | Zot:5    | Noticed an orb of fire
 79444 | Zot:5    | Killed an orb of fire
 79561 | Zot:5    | Noticed an ancient lich
 79563 | Zot:5    | Killed an ancient lich
 79629 | Zot:5    | Noticed an orb of fire
 79632 | Zot:5    | Killed an orb of fire
 79665 | Zot:5    | Noticed a dread lich
 79668 | Zot:5    | Killed a dread lich
 79985 | Zot:5    | Got the Orb of Zot
 80054 | Zot:3    | Noticed Sywofit the pandemonium lord
 80058 | Zot:3    | Killed Sywofit the pandemonium lord
 80254 | Depths:1 | Noticed Arrizoph the pandemonium lord
 80255 | Depths:1 | Killed Arrizoph the pandemonium lord
 80388 | D:10     | Noticed Viylabru the pandemonium lord
 80388 | D:10     | Noticed an ancient lich
 80389 | D:10     | Killed an ancient lich
 80390 | D:10     | Killed Viylabru the pandemonium lord
 80555 | D:$      | Escaped with the Orb!

Illustrated notes

Levels and vault maps discovered:
D:1:      eino_arrival_cavern_b, layout_loops_cross
D:2:      layout_loops_ring, uniq_natasha
D:3:      layout_basic, nicolae_qazlal_general_emergency,
          shapermc_ecumenical_altar_hornbeckon
D:4:      layout_rooms, lemuel_doored_altar,
          mainiacjoe_overflow_six_doors_small, minmay_temple_entry_offerings
D:5:      corexii_shack_village, layout_loops_ring, marbit_many_paths,
          kennysheep_mini, nicolae_dithmenos_through_a_glass_darkly,
          mainiacjoe_sewer_entry_somewhere_in_here_1, kennysheep_donut,
          kennysheep_small_circle
D:6:      layout_loops_cross, eat_drink_and_be_merry_uskayaw, st_stairs_1,
          nicolae_shop_clearance, uniq_jeremiah
D:7:      layout_layer_cave
D:8:      layout_cave_pools, nicolae_gozag_cash_rules_everything_around_me,
          gammafunk_temple_overflow_elements, serial_shops, shop_fountains,
          shop, shop, uniq_erica
D:9:      layout_basic, mainiacjoe_overflow_concentric_impassable,
          enter_bailey_2
D:10:     layout_roguey, overflow_temple_1_default, mainiacjoe_overflow_catwalk
D:11:     layout_big_octagon, uniq_sonja
D:12:     minmay_the_grid_octo_2x2 [minmay_the_grid_octo_shrine,
          minmay_the_grid_octo_fat_diamond, minmay_the_grid_octo_clover,
          minmay_the_grid_octo_prize_big_c], layout_basic,
          gammafunk_ghost_mausoleum
D:13:     layout_roguey, kennysheep_generic_room_10
D:14:     evilmike_iron_armoury, layout_gridville,
          hellmonk_vaults_order_and_chaos, nicolae_ru_path_of_blood
D:15:     gammafunk_enter_depths_forms, layout_irregular_city,
          minmay_misc_feat_ornament, uniq_roxanne, uniq_kirke, uniq_nessos
Temple:   kb_temple_of_zot
Lair:1:   layout_layer_cave, nicolae_volcano_entry_s_turn, lemuel_fruit_fields,
          grunt_megastairs_1
Lair:2:   layout_small_grid, nicolae_swamp_entry_spooky, uniq_gastronok,
          uniq_prince_ribbit2
Lair:3:   layout_layer_cave, nicolae_snake_entry_squirm,
          infiniplex_staircase_pool
Lair:4:   layout_roguey, minmay_slime_entry_pillars, serial_bayou,
          serial_bayou_pond_d, serial_bayou_shore_a, serial_bayou_ford_a,
          serial_bayou_lagoon_a
Lair:5:   evil_forest, layout_regular_city, grunt_forest_large_clearing_hut
Swamp:1:  layout_falls_marsh, hangedman_swamp_ruin_wall, swamp_pool_1_2,
          uniq_donald
Swamp:2:  layout_falls_marsh, evilmike_swamp_ruin_house_4, swamp_pool_1_2,
          nicolae_swamp_bean_lake, hangedman_swamp_blocks
Swamp:3:  layout_basic_swamp, evilmike_swamp_ruin_house_5, swamp_pool_1_2
Swamp:4:  swamp_alternative, layout_basic_swamp
Snake:1:  layout_onion
Snake:2:  minmay_snake_river, layout_grid_maze,
          portal_ice_cave_entry_ice_simulacra
Snake:3:  layout_onion, gammafunk_ghost_grave,
          serial_library_hellmonk_layered_room
Snake:4:  snake_pit, layout_cave_town
Slime:1:  cheibrodos_slime_lost_civilization_8, layout_caves
Slime:2:  layout_caves, cheibrodos_slime_lost_civilization_6
Slime:3:  layout_caves
Slime:4:  layout_caves
Slime:5:  slime_pit_nicolae_trefoil
Orc:1:    layout_caves, uniq_maurice
Orc:2:    pf_orc_diabolical, layout_diamond_mine
Elf:1:    nicolae_elf_arrival_fired_up, layout_gridlike,
          hangedman_elf_disciples, nicolae_elf_crossing_hall, minmay_shop_star
Elf:2:    elven_hall_of_blades_hangedman_original [grunt_blade_entry_basic],
          layout_loops_cross, ebering_ghost_rock_garden, nicolae_shop_gadgets,
          uniq_louise, uniq_agnes, uniq_jorgrun
Elf:3:    nooodl_elf_gasket, layout_onion_city, grunt_ministairs_10,
          minmay_misc_feat_rows
Vaults:1: vaults_mumra_bighexcomb, ontoclasm_vaults_spin, v_misc_28,
          nicolae_vaults_more_shelving_2, nicolae_vaults_door_testing_chamber,
          hangedman_vaults_impose, ontoclasm_vaults_shuriken,
          layout_vaults_omnigrid, nicolae_trove_entry_free_sample, uniq_norris
Vaults:2: nicolae_vaults_tangram_1, nicolae_vaults_sightless_eye,
          nicolae_vaults_little_squares_1, nicolae_vaults_frosty_reception,
          v_misc_27, grunt_vaults_focal, nicolae_vaults_trapezoid_1,
          nicolae_vaults_trapezoid_lopsided_3, layout_vaults_big_room,
          uniq_aizul, uniq_frederick, uniq_nikola, uniq_margery, uniq_saint_roka
Vaults:3: portal_desolation_entry_ruin, nicolae_vaults_circle_grid_a, v_misc_3,
          nicolae_vaults_border_crossing, ontoclasm_vaults_ring_large,
          vaults_room_door_hall, minmay_crypt_entry_simple_round,
          nicolae_vaults_bisected_exclaves, nicolae_vaults_little_ls,
          nicolae_vaults_offset_grid_hallway_1, vaults_room_stairs_pillars,
          vaults_mumra_hex, nicolae_vaults_network_square, vaults_dpeg_ring,
          nicolae_vaults_asterisk, v_misc_16, layout_vaults_maze_snakey,
          uniq_bai_suzhen
Vaults:4: hellmonk_ghost_big_iron, vaults_room_glass_cross,
          nicolae_vaults_back_hallway, nicolae_vaults_rhombus_5,
          nicolae_vaults_house_3, nicolae_vaults_trapezoid_lopsided_4,
          dpeg_vaults_monster_row, nicolae_vaults_network_quinsquares
          [nicolae_vaults_network_quincunx_subvault,
          nicolae_vaults_network_quincunx_subvault,
          nicolae_vaults_network_quincunx_subvault,
          nicolae_vaults_network_quincunx_subvault], v_misc_1,
          vaults_mumra_chevron_long, nicolae_vaults_offset_grid_hallway_4,
          vaults_dpeg_doors, nicolae_vaults_tetromino_L_2,
          nicolae_vaults_tangram_1, layout_vaults_omnibox, serial_shops, shop
Vaults:5
Crypt:1:  layout_basic, ebering_ghost_xom, grunt_crypt_arrival_webbed
Crypt:2:  minmay_shadows, layout_regular_city, nzn_ghost_randoct,
          st_vampire_maze
Crypt:3:  evilmike_haunted_forest
Tomb:1
Tomb:2
Tomb:3
Depths:1: layout_gridlike, enter_ziggurat_c, grunt_mini_vestibule, serial_shops,
          nicolae_shop_temple_entry_statues_fountains, hangedman_glass_teeth,
          rand_demon_pan_entry_4, hex_tiny, drop_trap, minivault_16,
          nicolae_hepliaklqana_hazy_memory
Depths:2: hangedman_elemental_death_ray, layout_small_grid,
          grunt_pan_entry_spiral, abyss_entry_small_statue_room, nrook_campfire,
          grunt_hell_entry_dis_mu, kennysheep_random_hallway,
          infiniplex_staircase_zigzag_3
Depths:3: minmay_glassy_protrusions, layout_gridlike, abyss_entry,
          nicolae_ashenzari_skybound, nicolae_hell_entry_big_baal_hell,
          lemuel_old_faithful, minmay_shoptagon, uniq_boris
Depths:4: grunt_twist_and_shout, layout_honeycomb, hell_entry,
          kennysheep_vampire_church, uniq_sojobo
Hell
Dis:1:    layout_gridville
Dis:2:    layout_gridville
Dis:3:    nicolae_dis_array, layout_subdivisions
Dis:4:    layout_gridville, nicolae_dis_fourth_circle
Dis:5:    layout_subdivisions
Dis:6:    layout_subdivisions
Dis:7:    iron_city_of_dis [dis_grunt, dis_wall_7], layout_gridville
Coc:1:    layout_cocytus_water_paths
Coc:2:    layout_ice_bergs
Coc:3:    layout_cocytus_water_paths
Coc:4:    layout_cocytus_water_paths
Coc:5:    layout_ice_bergs
Coc:6:    layout_ice_bergs
Coc:7:    coc_old
Zot:1:    ebering_klown_carousel, layout_onion_interference,
          ebering_ghost_rock_garden, regret_index_zotdec_barnacled_simple
Zot:2:    kennysheep_blocky_room, layout_onion_interference, skrybe_zot_glass_1,
          regret_index_zotdec_tunneler, nrook_zot_tub
Zot:3:    hellmonk_crystal_mountain, layout_gridlike, st_small_dragon_hoard_2,
          lemuel_lake_of_fire
Zot:4:    gammafunk_sealed_library, layout_gridville,
          regret_index_zotdec_carving_tricks
Zot:5:    layout_basic, ebering_ghost_xom

Skill      XL: |  1  2  3  4  5  6  7  8  9 10 11 12 13 14 15 16 17 18 19 20 21 22 23 24 25 26 27 |
---------------+----------------------------------------------------------------------------------+-----
Conjurations   | 2 3 4 5 6 8 11 12 14 15 16 17 18 19 20 21 | 21.0
Alchemy        | 4 5 7 8 |  8.0
Air Magic      | 1 2 21 | 21.0
Spellcasting   | 3 4 5 6 8 10 11 12 13 14 15 16 17 18 19 20 27 | 27.0
Fire Magic     | 2 4 5 6 8 10 12 13 14 15 17 18 20 21 | 21.0
Fighting       | 2 3 5 7 8 10 11 12 15 27 | 27.0
Dodging        | 3 5 6 8 9 12 13 14 23 | 23.1
Earth Magic    | 4 5 21 | 21.0
Necromancy     | 3 5 8 |  8.0
Shields        | 4 7 8 12 | 12.0
Shapeshifting  | 9 15 19 23 | 23.0
Short Blades   | 5 8 |  8.0
Stealth        | 26 | 26.4

Action                     |  1- 3 |  4- 6 |  7- 9 | 10-12 | 13-15 | 16-18 | 19-21 | 22-24 | 25-27 || total
---------------------------+-------+-------+-------+-------+-------+-------+-------+-------+-------++-------
  Melee: Short sword       |    30 |    60 |   136 |    30 |     2 |       |       |       |       ||   258
         Tentacles         |     8 |    13 |    39 |    13 |     4 |     2 |       |       |     7 ||    86
         Constrict         |     4 |    21 |    34 |     9 |     4 |     2 |     1 |     1 |     6 ||    82
         Trident           |       |       |     5 |       |       |       |       |       |       ||     5
         Staff             |       |       |       |    18 |    20 |    10 |     1 |     3 |    21 ||    73
  Throw: Stone             |       |     6 |     5 |     3 |       |       |       |       |       ||    14
   Cast: Sting             |    10 |       |     2 |       |       |       |       |       |       ||    12
         Mercury Vapours   |    16 |    17 |       |       |       |       |       |       |       ||    33
         Mephitic Cloud    |       |     9 |    33 |     1 |     2 |       |       |       |       ||    45
         Sticky Flame      |       |     2 |    18 |    40 |    36 |     8 |       |       |       ||   104
         Olgreb's Toxic Ra |       |       |    29 |    75 |    29 |    11 |       |       |       ||   144
         Fireball          |       |       |       |    80 |   369 |   390 |   152 |     8 |    21 ||  1020
         Starburst         |       |       |       |       |    11 |    22 |       |       |       ||    33
         Bombard           |       |       |       |       |       |    56 |    34 |       |     5 ||    95
         Ignition          |       |       |       |       |       |    80 |    74 |     1 |    18 ||   173
         Iskenderun's Myst |       |       |       |       |       |    14 |    37 |    32 |   111 ||   194
         Fire Storm        |       |       |       |       |       |       |   183 |   272 |   870 ||  1325
         Sublimation of Bl |       |       |       |       |       |       |    64 |    81 |    66 ||   211
         Shatter           |       |       |       |       |       |       |       |       |   455 ||   455
         Chain Lightning   |       |       |       |       |       |       |       |       |   157 ||   157
         Lehudib's Crystal |       |       |       |       |       |       |       |       |    18 ||    18
         Apportation       |       |       |       |       |       |       |       |       |     2 ||     2
Ability: Begin Untransform |       |       |       |       |       |       |     1 |       |    13 ||    14
  Evoke: Wand              |       |     1 |     3 |     2 |    11 |       |       |       |    15 ||    32
    Use: Scroll            |       |     6 |    19 |    14 |     7 |     7 |     4 |     3 |    30 ||    90
         Potion            |       |       |     2 |     5 |     1 |     3 |     1 |     3 |    20 ||    35
   Stab: Sleeping          |     2 |     1 |     3 |     2 |       |     1 |       |       |       ||     9
         Confused          |       |     1 |     6 |       |       |       |       |       |       ||     7
         Distracted        |       |       |       |       |       |       |       |       |     1 ||     1
 Armour: Skin              |     9 |    13 |    66 |    71 |    64 |    68 |    61 |    24 |   337 ||   713
  Dodge: Dodged            |    13 |    35 |    91 |    74 |    69 |    42 |    27 |    13 |   299 ||   663
  Block: Buckler           |       |       |       |       |       |       |    13 |     8 |    10 ||    31
   Form: Statue            |       |       |       |       |       |       |     1 |       |     1 ||     2
         Death             |       |       |       |       |       |       |       |       |    14 ||    14

Table legend: (Time is in decaauts)
 A = Elapsed time spent in this place.
 B = Non-inter-level travel time spent in this place.
 C = Inter-level travel time spent in this place.
 D = Time resting spent in this place.
 E = Time spent auto-exploring this place.
 F = Levels seen in this place.
 G = Mean time per level.
                   A        B        C        D        E       F      G
               +--------+--------+--------+--------+--------+-----+--------+
         Total |  82797 |  76615 |   6182 |  10892 |  42518 | 117 |  707.7 |
       Dungeon |  19414 |  17147 |   2267 |   2945 |  10040 |  15 | 1294.3 |
        Temple |     13 |     13 |      0 |      0 |      0 |   1 |   13.0 |
          Lair |   9559 |   8633 |    926 |   1554 |   5746 |   5 | 1911.8 |
         Swamp |   3298 |   3146 |    152 |    902 |   1536 |   4 |  824.5 |
     Snake Pit |   6105 |   5933 |    172 |    976 |   3919 |   4 | 1526.2 |
    Slime Pits |   2064 |   1976 |     88 |    326 |   1038 |   5 |  412.8 |
  Orcish Mines |   3246 |   3053 |    193 |    539 |   1801 |   2 | 1623.0 |
   Elven Halls |   5301 |   5000 |    301 |    939 |   2505 |   3 | 1767.0 |
        Vaults |   8281 |   7287 |    994 |    150 |   5443 |   5 | 1656.2 |
         Crypt |   5201 |   4894 |    307 |    159 |   3315 |   3 | 1733.7 |
          Tomb |   1294 |   1278 |     16 |    225 |    384 |   3 |  431.3 |
        Depths |   5439 |   4679 |    760 |    189 |   3619 |   4 | 1359.8 |
          Hell |    538 |    538 |      0 |      0 |    364 |   1 |  538.0 |
           Dis |   1293 |   1293 |      0 |    282 |    186 |   7 |  184.7 |
       Cocytus |   1231 |   1231 |      0 |    265 |    256 |   7 |  175.9 |
           Zot |   1889 |   1889 |      0 |    317 |    651 |   5 |  377.8 |
         Abyss |    452 |    452 |      0 |      4 |    104 |   3 |  150.7 |
   Pandemonium |   1844 |   1844 |      0 |    160 |    440 |   7 |  263.4 |
      Ziggurat |   3654 |   3654 |      0 |    524 |    259 |  27 |  135.3 |
         Trove |     38 |     38 |      0 |      0 |      0 |   1 |   38.0 |
         Sewer |    216 |    216 |      0 |     22 |     67 |   1 |  216.0 |
        Bailey |    904 |    904 |      0 |    147 |    236 |   1 |  904.0 |
      Ice Cave |    662 |    662 |      0 |    267 |    173 |   1 |  662.0 |
       Volcano |      9 |      9 |      0 |      0 |      0 |   1 |    9.0 |
    Desolation |    839 |    839 |      0 |      0 |    436 |   1 |  839.0 |
               +--------+--------+--------+--------+--------+-----+--------+

Top non-repeatable levels by time:
  Lair:1: 2658 daAuts
    D:12: 2634 daAuts
   Orc:2: 2365 daAuts
 Snake:3: 2281 daAuts
 Crypt:3: 2270 daAuts
   Elf:3: 2202 daAuts
     D:5: 2144 daAuts
    D:14: 2127 daAuts
Vaults:1: 2070 daAuts
  Lair:4: 1909 daAuts
  Lair:2: 1834 daAuts
 Crypt:2: 1775 daAuts
  Lair:3: 1759 daAuts
   Elf:2: 1751 daAuts
Depths:2: 1712 daAuts
